 Dungeon Crawl Stone Soup version 0.20-a0-444-g3734ce0 (webtiles) character file.

1675438 shpingle the Cruncher (level 25, 143/191 HPs)
             Began as a Cyno Wanderer on Jan 30, 2017.
             Was the Champion of Yredelemnul.
             Escaped with the Orb
             ... and 3 runes on Feb 2, 2017!
             The game lasted 12:14:08 (66924 turns).

shpingle the Cruncher (Cyno Wanderer)              Turns: 66924, Time: 12:14:09

Health: 143/191    AC: 37    Str: 15 (16) XL:     25   Next: 75%
Magic:  40/41      EV: 14    Int: 16      God:    Yredelemnul [******]
Gold:   393        SH:  0    Dex: 14      Spells: 1/52 levels left

rFire  . . .     SeeInvis +     a - +9 lajatang (speed)
rCold  + + .     Gourm    .     u - +6 shadow dragon scales of Tedoenuk {rElec Stlth++++}
rNeg   + + +     Faith    .     (shield currently unavailable)
rPois  .         Spirit   .     y - +2 helmet {Int+3}
rElec  +         Reflect  .     W - +2 cloak {MR+}
rCorr  .         Harm     .     q - +3 pair of gauntlets of War {Slay+5}
MR     ++++.     Rnd*Rage +     h - +2 pair of boots "Bapaewn" {rElec Stlth+}
Stlth  +++.......               I - amulet of regeneration
                                J - ring of the Mage {Wiz MR++ Int+3}
                                K - ring "Iton" {+Fly rC++ rN+++ SInv Stlth-}

@: deflect missiles
A: limited potential, berserk 1, deterioration 1
0: Orb of Zot
}: 3/15 runes: decaying, serpentine, slimy
a: Recall Undead Slaves, Injury Mirror, Animate Dead, Drain Life, Enslave Soul,
Renounce Religion, Evoke Flight


You escaped.
You worshipped Yredelemnul.
Yredelemnul was exalted by your worship.
You were not hungry.

You visited 10 branches of the dungeon, and saw 53 of its levels.
You also visited: Sewer, Bailey and Ice Cave.

You collected 8006 gold pieces.
You spent 7613 gold pieces at shops.


Innate Abilities, Weirdness & Mutations

You have limited potential (max skill of 14).
You tend to lose your temper in combat.
Your body sometimes deteriorates upon taking damage.


   Skills:
 - Level 14.0 Fighting
   Level 10.0 Short Blades
   Level 1.6 Axes
   Level 0.2(9.3) Maces & Flails
 - Level 14.0 Staves
   Level 13.6 Bows
 - Level 14.0 Throwing
 - Level 14.0 Armour
 - Level 14.0 Dodging
 - Level 14.0 Stealth
 + Level 11.6 Unarmed Combat
 - Level 14.0 Spellcasting
 - Level 14.0 Hexes
 - Level 14.0 Charms
 - Level 14.0 Summonings
 - Level 14.0 Necromancy
 - Level 14.0 Translocations
 - Level 14.0 Ice Magic
 - Level 14.0 Air Magic
   Level 1.2 Earth Magic
 - Level 14.0 Invocations
 - Level 14.0 Evocations


You had one spell level left.
You knew the following spells:

 Your Spells              Type           Power        Failure   Level  Hunger
a - Darkness              Hex            ######....   12%         6    ######.
b - Swiftness             Chrm/Air       ######..     1%          2    None
c - Portal Projectile     Tloc           ######       1%          3    None
d - Spectral Weapon       Hex/Chrm       ######..     1%          3    None
e - Summon Lightning Spi  Summ/Air       ######..     1%          4    ##.....
f - Apportation           Tloc           ######....   1%          1    None
g - Summon Guardian Gole  Hex/Summ       ######..     1%          3    None
h - Deflect Missiles      Chrm/Air       ######....   12%         6    ######.
i - Shadow Creatures      Summ           N/A          12%         6    ######.
k - Regeneration          Chrm/Necr      ######....   1%          3    None
l - Metabolic Englaciati  Hex/Ice        ######....   2%          5    ####...
m - Silence               Hex/Air        ######....   2%          5    ####...
n - Airstrike             Air            ######....   1%          4    ##.....


Dungeon Overview and Level Annotations

Branches:
Dungeon (15/15)            Temple (0/1) D:5            Lair (6/6) D:11
  Swamp (4/4) Lair:2        Snake (4/4) Lair:2        Slime (5/5) Lair:5
    Orc (2/2) D:9             Elf (3/3) Orc:2        Vaults (4/5) D:14
  Crypt (0/3) Vaults:2     Depths (5/5) D:15            Zot (5/5) Depths:5

Altars:
Dithmenos
Elyvilon
Fedhas
Hepliaklqana
Kikubaaqudgha
Makhleb
Ru
Sif Muna
Uskayaw
Vehumet
Xom
Yredelemnul
The Shining One
Beogh

Shops:
D:12 (   D:14 %   Orc:1 :   Orc:2 [(*[   Elf:3 }=}   Snake:3 %   Vaults:3 [
Depths:5 :!

Portals:
Hell: Depths:1 Depths:2 Depths:3 Depths:4 Depths:5
Abyss: Depths:4
Pandemonium: Depths:1 Depths:2 Depths:3 Depths:4
Ziggurat: Depths:3
Trove: Elf:1 (give +5 demon blade)

Inventory:

Hand Weapons
 a - a +9 lajatang of speed (weapon)
   (You took it off an orc warrior in a bailey)
 g - a +5 blowgun
   (You took it off a kobold on level 11 of the Dungeon)
Missiles
 e - 6 throwing nets {!f}
 t - 20 javelins (quivered)
Armour
 c - a +2 hat
   (You found it on level 5 of the Lair of Beasts)
 h - the +2 pair of boots "Bapaewn" (worn) {rElec Stlth+}
   (You found it on level 1 of the Vaults)

   It insulates you from electricity.
   It makes you more stealthy.
 q - the +3 pair of gauntlets of War (worn) {Slay+5}
   (You acquired it on level 3 of the Vaults)

   It affects your accuracy and damage with ranged weapons and melee attacks
   (+5).
 u - the +6 shadow dragon scales of Tedoenuk (worn) {rElec Stlth++++}
   (You found it on level 4 of the Depths)

   It insulates you from electricity.
   It makes you much more stealthy.
 y - a +2 helmet of intelligence (worn)
   (You found it on level 1 of the Depths)
 B - the +5 robe of Night {Dark MR+ SInv}
   (You found it on level 4 of the Depths)

   It affects your resistance to hostile enchantments.
   It lets you see invisible.
 P - +2 gold dragon scales
   (You found it on level 1 of the Realm of Zot)
 W - a +2 cloak of magic resistance (worn)
   (You took it off a draconian stormcaller on level 3 of the Realm of Zot)
 Y - a +2 cloak of invisibility
   (You bought it in a shop on level 2 of the Orcish Mines)
Magical Staves
 b - an uncursed staff of air
   (You found it on level 5 of the Pits of Slime)
Jewellery
 I - an amulet of regeneration (around neck)
   (You found it on level 4 of the Snake Pit)
 J - the ring of the Mage (right hand) {Wiz MR++ Int+3}
   (You found it on level 4 of the Depths)

   [ring of wizardry]

   It improves your spell success rate.
   It affects your intelligence (+3).
   It affects your resistance to hostile enchantments.
 K - the ring "Iton" (left hand) {+Fly rC++ rN+++ SInv Stlth-}
   (You found it on level 3 of the Swamp)

   [ring of flight]

   It greatly protects you from cold.
   It renders you almost immune to negative energy.
   It lets you see invisible.
   It lets you fly.
   It makes you less stealthy.
Wands
 i - a wand of acid (14/15)
   (You found it on level 1 of the Lair of Beasts)
 n - a wand of digging (13/24)
   (You found it on level 14 of the Dungeon)
 o - a wand of iceblast (15/15)
   (You took it off a deep elf mage on level 14 of the Dungeon)
 C - a wand of enslavement (14/24)
   (You found it on level 4 of the Vaults)
 S - a wand of clouds (8/9)
   (You found it on level 3 of the Vaults)
Scrolls
 j - 3 scrolls of remove curse {@r2}
 l - 7 scrolls of fog
 p - a scroll of blinking
 s - a scroll of summoning
 E - 14 scrolls of teleportation {@r4}
 G - 4 scrolls of identify {@r1}
Potions
 m - a potion of cure mutation
 r - 2 potions of curing {@q1}
 w - 4 potions of brilliance
 x - 4 potions of heal wounds {@q2}
 z - 3 potions of berserk rage
 F - 9 potions of invisibility
 L - 6 potions of cancellation
 M - a potion of haste {@q3}
 U - 5 potions of agility
 V - 5 potions of might
 Z - a potion of flight
Miscellaneous
 d - a phantom mirror
 k - a sack of spiders
 v - a lightning rod (4/4) {!a}
   (You found it on level 3 of the Depths)
 A - a fan of gales (inert)
   (You found it on level 3 of the Elven Halls)
 H - 2 boxes of beasts
 O - a lamp of fire
   (You found it on level 6 of the Lair of Beasts)
 T - a phial of floods
   (You found it on level 1 of the Lair of Beasts)
Comestibles
 f - 4 bread rations {@e1}

########.# #.# #......
.......#.# #.### #......
#......#.#######...####
#......
#.#####.....^......[..#
##..... #.#
#.....♣♣♣♣♣♣♣♣♣..# #.....
#.####.###.♣PP..PP..♣.#
##.....
#........#.♣PP..P...♣.#
#......
#..###.#.#.♣..PP...P♣.#
#......
#..###.#.#.♣..P(@.PP♣.#
#......
#....#.#.#.♣PP...P..♣.#
#......
#....#...#.♣P...PP..♣.#
#......
##(..#####.♣...P..PP♣.#
#......
##.........♣..PP..PP♣.#
#......
##.#####....♣♣♣♣♣♣♣♣♣.#
####### ##.#
#.#............# # ##.#
#.#####.#..###############
##.#
#.....#.................##


You could see a friendly spectral lajatang of speed.


Message History

Where to? (* - list waypoints, Enter - D:1, ? - help)
There is a stone staircase leading up here.
You climb upwards.
There is a stone staircase leading down here.
Your skin is crawling a little less now.
Your skin stops crawling.
An Orb Guardian comes into view.
Your magical contamination has completely faded away.
The rock shatters into small pieces.
This wand has 13 charges left.
The Orb Guardian hits you but does no damage.
The Orb Guardian hits you but does no damage.
The Orb Guardian misses you. The Orb Guardian hits you!!
Your body deteriorates!
You feel weakened.
A sixfirhy comes into view.
The sixfirhy hits you! The sixfirhy shocks you. You resist.
You closely miss the sixfirhy. The Orb Guardian completely misses you.
You draw out your weapon's spirit!
The Orb Guardian hits you!
You hit the Orb Guardian. The Orb Guardian hits you!
You slice the Orb Guardian!! The sixfirhy barely misses you. x2
The Orb Guardian hits you but does no damage.
You slice the Orb Guardian!! The sixfirhy misses you.
Your spectral weapon misses the Orb Guardian.
The sixfirhy hits you but does no damage.
You barely miss the Orb Guardian.
The sixfirhy hits you but does no damage.
Your spectral weapon hits the Orb Guardian!
The Orb Guardian hits you but does no damage.
You hit the Orb Guardian.
The sixfirhy hits you but does no damage.
Your spectral weapon hits the Orb Guardian!
The sixfirhy hits you but does no damage.
The Orb Guardian hits you but does no damage.
You slice the Orb Guardian!! The sixfirhy barely misses you.
Your spectral weapon hits the Orb Guardian.
You catch the helpless Orb Guardian completely off-guard!
You slice the Orb Guardian!!
You kill the Orb Guardian!
Yredelemnul accepts your kill.
You miss the sixfirhy.
Your spectral weapon misses the sixfirhy.
Your shadow dragon scales of Tedoenuk prevents you from hitting the sixfirhy.
Your spectral weapon hits the sixfirhy!
You slice the sixfirhy!!
Your spectral weapon hits the sixfirhy!!
You kill the sixfirhy!
Yredelemnul accepts your kill.
There is a staircase leading out of the dungeon here.
You have escaped!

Vault maps used:
D:1:      scummos_arrival_checkerplants, minmay_small_reverse_x
D:2:      overflow_temple_1_default, nicolae_overflow_hidden_temple,
          kennysheep_generic_room_5
D:3:      minmay_vboxes
D:5:      kennysheep_little_box, first_bread
D:6:      gammafunk_temple_overflow_pools, gup_sewer_entry_glass
D:7:      st_stairs_8
D:8:      minmay_diamond_stairs, lemuel_doored_altar, uniq_prince_ribbit1
D:9:      bloody_makhleb, elyvilon_altar_4, zombieorc2_lemuel
D:10:     enter_bailey_7, hangedman_fish_farm, uniq_snorg
D:11:     lair_entry_dummy, nicolae_tso_carved_into_rock, uniq_urug
D:12:     basic_altar, serial_shops, nicolae_shop_behind_doors,
          minmay_misc_feat_plants, grunt_dithmenos_shadows
D:14:     grunt_vaults_entry_tiered, minmay_misc_feat_ornament, serial_shops,
          shop, corexii_corridor_pit, uniq_josephine
D:15:     grunt_enter_depths_giant_problem, kennysheep_flooded_box,
          elves_outpost_lemuel
Lair:1:   minmay_lair_venomous_thicket, st_stairs_7, small_statue_intersection
Lair:2:   swamp_mist_pool, dummy_snake_entry
Lair:3:   mu_elephants_graveyard, zaba_antful_of_joy, infiniplex_staircase_pool
Lair:4:   portal_ice_cave_entry_pillars_1, serial_bayou, serial_bayou_pond_b,
          serial_bayou_pond_d, serial_bayou_pond_b, serial_bayou_ford_a
Lair:5:   nicolae_slime_entry_slimehenge, special_room, disabler_island,
          serial_bayou_shore_b, serial_bayou_shore_b, uniq_kirke
Lair:6:   minmay_lair_end_frog_pond, basic_altar
Swamp:1:  evilmike_swamp_ruin_rubble_1, swamp_pool1, uniq_nikola
Swamp:2:  serial_swamp_ruin, evilmike_swamp_ruin_rubble_2,
          evilmike_swamp_ruin_house_1, swamp_pool5, uniq_louise, uniq_donald
Swamp:3:  nicolae_swamp_godswood, swamp_pool5, uniq_jorgrun
Swamp:4:  swamp_basic_johnstein
Snake:2:  basic_stair_grate_trap
Snake:3:  serial_shops, nicolae_shop_trees, nicolae_snake_horde_hoard,
          uniq_vashnia
Snake:4:  johnstein_snake_rune_scales, st_stairs_4, serial_bayou_pond_e,
          grunt_ministairs_4, uniq_aizul
Slime:2:  dissolution_awaits
Orc:1:    basic_altar, serial_shops, nicolae_shop_stone
Orc:2:    grunt_orc_tribal_feast
Elf:1:    enter_trove_5, minmay_elf_demonology, uniq_agnes
Elf:2:    lemuel_elevator
Elf:3:    minmay_elf_hall_curves, st_stairs_8, minmay_shop_grove
Vaults:1: v_alt_pattern_5, ontoclasm_vaults_twist,
          nicolae_vaults_branching_niches, vaults_room_pools, v_misc_25,
          nicolae_vaults_network_star, nicolae_vaults_asterisk,
          dpeg_vaults_monster_box
Vaults:2: hangedman_vaults_pinch, minmay_crypt_entry_simple_statues,
          nicolae_vaults_murderbox, v_misc_10, v_pattern_1, v_misc_28,
          nicolae_vaults_what_the_h, v_misc_31, ontoclasm_vaults_idyll,
          v_misc_24, hangedman_vaults_stretched_pinwheel,
          nicolae_vaults_rhombus_6, ontoclasm_vaults_gateway,
          vaults_dpeg_encased_lava
Vaults:3: vaults_room_octagon, vaults_room_hallway, vaults_dpeg_spiral,
          v_pattern_5, dpeg_vaults_waves, nicolae_vaults_big_ls,
          nicolae_vaults_big_angled_halls, vaults_room_stairs_pillars, v_misc_3,
          nicolae_vaults_circle_grid_a, serial_ice_b,
          nicolae_vaults_little_squares_5, serial_shops, shop
Vaults:4: ontoclasm_vaults_loading_screen, ontoclasm_vaults_ring_small,
          v_misc_25, nicolae_vaults_specimen_jars, vaults_room_pool,
          nicolae_vaults_network_periphery, vaults_room_semicircle,
          vaults_room_semicircle, grunt_vaults_hallway_long,
          nicolae_vaults_circle_grid_b, nicolae_vaults_angled_halls, v_misc_8,
          v_pattern_2, hangedman_vaults_nails, nicolae_vaults_ring_of_whatevers,
          uniq_xtahua, uniq_sojobo
Depths:1: pan_entry, hell_entry, hex_tiny, corexii_hall_statues_s,
          kennysheep_generic_room_6, uniq_asterion, uniq_saint_roka
Depths:2: nicolae_whirlpool, rand_demon_pan_entry_5, serial_curves,
          eino_curves_01, eino_curves_04, hell_entry,
          hangedman_decor_peaks_small, grunt_decor_arrowhead, uniq_mara
Depths:3: constructs_gauntlet_mu_hangedman, enter_ziggurat_a, hell_entry,
          rand_demon_pan_entry_7, kennysheep_generic_room_9
Depths:4: regret_index_dithmenos_brocken_genspenst, rand_demon_pan_entry_3,
          hell_entry, abyss_entry, grunt_decor_clamped, kennysheep_donut
Depths:5: grunt_crosshair, hell_entry, grunt_decor_cap,
          serial_sigils_hangedman_gut, spider_trap, laboratory, minmay_shoptagon
Zot:2:    grunt_deathspiral_small
Zot:3:    lemuel_draconian_sentries, basic_stair_grate_trap
Sewer:    sewer_the_crocodile
Bailey:   bailey_polearm_4, bailey
IceCv:    ice_cave_small_dragons

Vanquished Creatures
  Dissolution (Slime:2)
  the Royal Jelly (Slime:5)
  2 orbs of fire (Zot:5)
  3 ancient liches (Zot:5)
  Vashnia (Snake:3)
  3 curse toes
  5 golden dragons
  Jorgrun (Swamp:3)
  A lich (Depths:3)
  2 electric golems
  9 tentacled monstrosities
  The ghost of GravitySqueeze the Carver, an adept CyAr of Nemelex Xobeh (Vaults:2)
  17 Orb Guardians
  3 deep elf blademasters
  3 quicksilver dragons
  7 acid blobs
  2 sphinxes
  An Executioner (D:8)
  A deep elf master archer (Elf:3)
  Agnes (Elf:1)
  5 death cobs
  6 storm dragons
  2 tengu reavers
  Kirke (Lair:5)
  7 shadow dragons
  2 draconian monks (Zot:2)
  The ghost of meatyocre the Cruncher, an adept CyGl of Okawaru (Snake:3)
  4 nagarajas (Snake:4)
  4 azure jellies
  4 deep elf sorcerers (Elf:3)
  6 draconian knights
  6 fire giants
  3 frost giants
  3 vault wardens
  2 draconian scorchers
  2 draconian shifters (Zot:3)
  3 ironheart preservers
  A deep elf elementalist (Elf:3)
  2 war gargoyles
  11 very ugly things
  3 draconian annihilators (Zot:3)
  3 draconian stormcallers (Zot:3)
  3 stone giants
  2 entropy weavers (Vaults:2)
  3 green draconians
  8 black draconians
  6 deep elf demonologists
  3 vampire knights
  9 white draconians
  5 yellow draconians
  8 purple draconians
  5 deep elf annihilators
  2 spark wasps
  7 red draconians
  3 deep elf death magi
  3 ettins
  5 fire dragons
  A crystal guardian (Depths:3)
  5 deep elf high priests (Elf:3)
  6 great orbs of eyes
  2 death oozes (Slime:5)
  6 ogre magi
  5 yaktaur captains
  4 rakshasas
  7 vault guards
  6 ice dragons
  2 spriggan air magi
  8 hydras
  A catoblepas (Lair:5)
  5 naga warriors
  9 centaur warriors
  19 two-headed ogres
  13 anacondas
  29 dancing weapons
  A death knight (Vaults:1)
  A queen ant (Lair:3)
  6 alligators
  4 death yaks (Lair:6)
  4 tengu warriors
  14 naga sharpshooters
  4 deep troll earth magi
  A vampire mage (Vaults:2)
  2 deep troll shamans
  2 orc high priests (Orc:2)
  3 shock serpents
  18 deep elf knights
  A shadow wraith (Vaults:1)
  4 hell knights
  12 skeletal warriors
  2 sixfirhies
  3 salamander mystics
  2 iron trolls
  4 large abominations (Depths:5)
  3 unseen horrors
  3 glowing orange brains
  5 wizards
  A shadow demon (Depths:4)
  A flayed ghost (Depths:1)
  A swamp dragon (Swamp:4)
  12 deep trolls
  4 shambling mangroves
  6 ironbrand convokers
  10 deep elf archers
  7 naga ritualists
  3 phantasmal warriors
  8 mana vipers
  3 necromancers
  2 harpies (Vaults:2)
  2 wolf spiders
  14 orc knights
  28 ugly things
  5 orc sorcerers
  A salamander (shapeshifter) (Elf:1)
  56 deep elf magi
  10 cyclopes
  A manticore (Lair:5)
  5 shining eyes
  8 salamanders
  23 moths of wrath
  A toenail golem (Zot:4)
  10 vault sentinels
  14 elephants
  2 centaur zombies (D:14)
  26 black mambas
  5 guardian serpents
  6 gargoyles
  A torpor snail (Swamp:1)
  2 eyes of devastation
  A black mamba (shapeshifter) (Vaults:2)
  An ice statue (IceCv)
  15 spiny frogs
  8 naga magi
  30 yaktaurs
  2 kobold demonologists
  A yaktaur zombie (Vaults:3)
  4 rime drakes
  A yaktaur (shapeshifter) (Vaults:4)
  2 tengu conjurers
  2 efreet (D:15)
  3 komodo dragons
  2 human zombies
  4 freezing wraiths
  A ghoul skeleton (Zot:2)
  5 trolls
  A meliai (shapeshifter) (Vaults:1)
  13 hornets
  A wind drake (shapeshifter) (D:14)
  A queen bee (shapeshifter) (Elf:2)
  4 tyrant leeches
  16 blink frogs
  3 bog bodies (Swamp:4)
  A polar bear (Lair:6)
  56 slime creatures
  5 hippogriffs
  2 dream sheep (Lair:6)
  A redback (shapeshifter) (Vaults:2)
  3 air elementals
  5 water elementals
  4 flying skulls (Lair:5)
  5 redbacks
  A spriggan (Swamp:2)
  6 shadows
  4 fire elementals
  3 wraiths
  2 hungry ghosts
  14 humans (D:14)
  6 wyverns
  13 yaks
  4 basilisks
  2 hogs (Lair:5)
  A neqoxec (Depths:4)
  5 golden eyes (Slime:4)
  The ghost of jtron the Magician, an amateur CyWz (D:3)
  16 vampire mosquitoes
  38 nagas
  An insubstantial wisp (Swamp:1)
  5 soldier ants (Lair:3)
  A two-headed ogre zombie (D:9)
  3 acid dragons
  8 swamp worms
  7 wargs
  11 water moccasins
  3 porcupines
  A deep troll skeleton (Vaults:3)
  15 ice beasts
  6 swamp drakes
  44 orc warriors
  7 phantoms
  3 sky beasts
  A black bear (D:12)
  3 eyes of draining
  2 wolves (Lair:4)
  A hog zombie (Lair:5)
  19 ogres
  10 boggarts
  15 centaurs
  9 crocodiles
  2 big kobolds
  6 small abominations (Depths:5)
  14 bullfrogs
  3 earth elementals
  A deep troll simulacrum (Vaults:3)
  2 scorpions
  2 troll zombies (D:9)
  6 killer bees
  5 wights
  3 howler monkeys
  An electric eel (Lair:2)
  11 crimson imps
  5 jellies
  A quasit (D:7)
  13 orc priests
  3 bullfrog skeletons
  2 centaur skeletons
  3 hounds
  13 orc wizards
  3 iguanas
  25 worker ants
  4 ogre zombies (D:9)
  A naga zombie (Snake:3)
  A howler monkey zombie (D:9)
  A worker ant zombie (D:7)
  26 adders
  8 shadow imps
  4 oozes
  An adder zombie (D:7)
  4 worms
  A dart slug (D:2)
  3 leopard geckos
  71 orcs
  7 bats
  7 giant cockroaches
  10 goblins
  8 hobgoblins
  9 jackals
  3 quokkas
  4 ball pythons
  A ball python skeleton (D:4)
  3 frilled lizards
  A goblin skeleton (D:9)
  4 goblin zombies (D:9)
  A hobgoblin skeleton (D:9)
  2 hobgoblin zombies (D:9)
  A jackal zombie (D:5)
  24 kobolds
  An orc skeleton (D:9)
  10 orc zombies (D:9)
  14 rats
  3 briar patches (Swamp:2)
  3 fungi
  7 plants
1589 creatures vanquished.

Vanquished Creatures (collateral kills)
  An ancient lich (Depths:3)
  2 orbs of fire (Zot:5)
  Sojobo (Vaults:4)
  Saint Roka (Depths:1)
  A Killer Klown (Zot:5)
  Nikola (Swamp:1)
  5 golden dragons
  A bone dragon (Depths:5)
  An electric golem (Zot:2)
  A Tzitzimitl (Depths:4)
  A lich (Depths:3)
  2 tentacled monstrosities
  8 Orb Guardians (Zot:5)
  3 quicksilver dragons
  A deep elf master archer (Elf:3)
  The ghost of Speleothing the Cyno Aeon, an adept CySu of Cheibriados (Snake:3)
  8 acid blobs (Slime:5)
  A sphinx (Depths:5)
  The ghost of meatyocre the Cruncher, an adept CyGl of Okawaru (Swamp:4)
  The ghost of kazak the Protected, an adept CyAK of Lugonu (Snake:3)
  5 tengu reavers
  2 death cobs (Zot:1)
  4 shadow dragons
  4 storm dragons
  2 thorn hunters
  4 azure jellies
  Donald (Swamp:2)
  2 draconian monks (Zot:2)
  5 nagarajas (Snake:4)
  2 fire giants
  2 deep elf sorcerers (Elf:3)
  An orc warlord (Orc:1)
  6 draconian scorchers
  5 vault wardens
  Louise (Swamp:2)
  Aizul (Snake:4)
  2 frost giants
  2 draconian shifters
  5 draconian stormcallers
  A draconian annihilator (Zot:2)
  A spriggan defender (Depths:4)
  A ghoul (Vaults:3)
  6 stone giants
  4 ironheart preservers
  6 very ugly things
  2 war gargoyles
  3 entropy weavers
  3 green draconians
  4 vampire knights
  2 deep elf demonologists (Elf:3)
  3 white draconians
  2 red draconians
  6 black draconians
  4 deep elf annihilators (Elf:3)
  A dire elephant (Lair:3)
  10 ettins
  3 purple draconians
  4 death oozes (Slime:5)
  Snorg (D:10)
  3 deep elf death magi
  A green death (Depths:4)
  Josephine (D:14)
  5 yaktaur captains
  7 ogre magi
  7 fire dragons
  12 naga warriors
  A crystal guardian (Depths:3)
  2 deep elf high priests (Elf:3)
  A hell beast (Zot:3)
  A vault guard (D:14)
  20 hydras
  9 great orbs of eyes
  2 rakshasas
  2 spriggan air magi
  10 centaur warriors
  9 anacondas
  2 death knights
  An ice dragon (Vaults:2)
  28 two-headed ogres
  2 death yaks (Lair:6)
  A dancing weapon (Elf:1)
  5 alligators
  3 deep troll earth magi
  4 deep troll shamans
  4 tengu warriors
  Urug (D:11)
  3 shock serpents
  6 deep elf knights
  3 spriggan berserkers
  6 naga sharpshooters
  2 sixfirhies
  3 shadow wraiths
  4 salamander mystics
  12 skeletal warriors
  13 deep trolls
  A titan skeleton (Vaults:3)
  An unseen horror (D:11)
  5 hell knights
  2 iron trolls
  3 swamp dragons (Swamp:4)
  A glowing orange brain (Depths:2)
  A sea snake (shapeshifter) (Vaults:2)
  A sea snake (Snake:3)
  2 shadow demons (Depths:4)
  2 wizards
  4 flayed ghosts
  4 naga ritualists
  3 shambling mangroves (Swamp:4)
  A human skeleton (Swamp:1)
  A deep elf archer (Vaults:2)
  4 necromancers
  A harpy (Vaults:2)
  2 phantasmal warriors (Vaults:2)
  15 ugly things
  9 orc knights
  7 mana vipers
  A wolf spider (Vaults:2)
  10 deep elf magi
  2 ironbrand convokers (Vaults:1)
  A shining eye (Slime:5)
  A spectral deep troll (Depths:1)
  An orc sorcerer (Vaults:4)
  2 oklob plants (Lair:5)
  6 cyclopes
  59 slime creatures
  4 moths of wrath
  A large abomination (Depths:5)
  3 salamanders (Snake:4)
  15 elephants
  3 naga magi (Snake:3)
  A black mamba (shapeshifter) (Depths:3)
  A rust devil (Depths:4)
  27 black mambas
  4 vault sentinels
  6 guardian serpents
  5 centaur skeletons
  17 spiny frogs
  An ice statue (IceCv)
  8 rime drakes
  A yaktaur (shapeshifter) (Vaults:1)
  37 yaktaurs
  An ice devil (Zot:2)
  A rime drake (shapeshifter) (D:14)
  4 komodo dragons
  3 freezing wraiths
  2 trolls
  A merfolk (D:10)
  A hellwing (Depths:4)
  A merfolk (shapeshifter) (Depths:4)
  A polar bear (Lair:3)
  A hornet (shapeshifter) (Depths:1)
  11 hornets
  2 tyrant leeches
  A meliai (shapeshifter) (Vaults:4)
  16 blink frogs
  9 bog bodies
  Prince Ribbit (D:8)
  9 hippogriffs
  3 dream sheep (Lair:6)
  5 shadows (Depths:4)
  A flying skull (D:9)
  4 redbacks
  9 spriggans
  10 air elementals
  3 wyverns (Lair:5)
  3 basilisks
  A tarantella (Vaults:2)
  2 vampires
  5 wraiths
  2 fire elementals (Elf:2)
  19 yaks
  A water elemental (Depths:4)
  3 humans (D:14)
  A human (shapeshifter) (Vaults:2)
  A golden eye (Slime:5)
  A chaos spawn (Zot:3)
  A neqoxec (Depths:4)
  3 hogs (Lair:5)
  14 vampire mosquitoes
  3 wargs
  29 nagas
  A soldier ant (Lair:3)
  9 swamp worms
  6 insubstantial wisps
  3 acid dragons
  A water moccasin (shapeshifter) (Vaults:3)
  7 water moccasins
  3 porcupines
  17 swamp drakes
  3 ice beasts
  15 orc warriors
  3 black bears (D:9)
  2 sky beasts
  A phantom (D:13)
  4 boggarts
  3 eyes of draining
  A wolf (Lair:4)
  8 ogres
  16 centaurs
  5 crocodiles
  2 big kobolds
  A small abomination (Depths:5)
  10 bullfrogs
  2 earth elementals (Depths:3)
  A killer bee (D:9)
  4 wights
  3 electric eels
  A centaur zombie (D:8)
  A bullfrog zombie (D:10)
  3 hounds
  A jelly (D:9)
  3 orc wizards
  2 bullfrog skeletons
  6 orc priests
  8 worker ants
  2 iguanas
  A naga zombie (Snake:3)
  An ogre zombie (D:9)
  A gnoll (D:10)
  A howler monkey skeleton (D:10)
  6 adders
  A shadow imp (D:9)
  A white imp (Vaults:3)
  An adder zombie (D:9)
  20 orcs
  A quokka (D:8)
  A hobgoblin skeleton (D:9)
  A hobgoblin zombie (D:9)
  An orc skeleton (D:9)
  4 orc zombies
  A rat skeleton (Orc:2)
  6 briar patches (Swamp:2)
  3 bushes
  74 fungi
  45 plants
1165 creatures vanquished.

Vanquished Creatures (others)
  4 bone dragons
  4 profane servitors
  A tentacled monstrosity (Zot:3)
  A deep elf sorcerer (Depths:3)
  A draconian scorcher (Zot:3)
  10 ghouls
  A spectral rakshasa (Zot:2)
  A green draconian (Zot:2)
  6 vampire knights
  A red draconian (Zot:2)
  A rakshasa (Depths:1)
  An ice dragon (Depths:3)
  A dancing weapon (Depths:3)
  A spriggan berserker (Depths:5)
  A hell knight (Depths:4)
  7 skeletal warriors
  3 anaconda zombies
  2 golden dragon zombies (Zot:5)
  A deep troll (Depths:2)
  9 phantasmal warriors
  2 spectral orcs
  A shadow dragon zombie (Depths:4)
  10 flayed ghosts
  9 ugly thing zombies
  A fire giant zombie (Depths:4)
  A draconian zombie (Zot:5)
  A frost giant zombie (Depths:4)
  6 centaur zombies
  A fire giant skeleton (Depths:4)
  A shock serpent zombie (Snake:4)
  A shock serpent skeleton (Snake:3)
  A spriggan zombie (Depths:4)
  2 green draconian zombies
  2 purple draconian zombies (Zot:2)
  3 red draconian zombies
  A black draconian zombie (Zot:5)
  2 white draconian zombies (Zot:5)
  A catoblepas zombie (Lair:5)
  A death yak zombie (Lair:6)
  2 redback zombies
  A yaktaur (Depths:3)
  A spectral human (Vaults:1)
  4 hydra zombies (Swamp:4)
  A harpy zombie (Vaults:2)
  A ghoul skeleton (Zot:2)
  6 moth of wrath zombies
  2 fire dragon zombies (Depths:4)
  An alligator zombie (Swamp:1)
  2 guardian serpent zombies (Snake:4)
  2 ettin zombies
  9 flying skulls
  10 black mamba zombies
  3 wraiths
  11 vampires
  A water elemental (Depths:4)
  A human (Lair:5)
  8 human zombies
  3 deep troll zombies
  14 naga zombies
  2 tengu zombies
  6 two-headed ogre zombies
  6 spiny frog zombies
  A salamander skeleton (Snake:3)
  A hornet zombie (Swamp:2)
  A boggart (Vaults:3)
  9 blink frog zombies
  A dream sheep zombie (Lair:6)
  2 elephant zombies (Lair:6)
  22 elf zombies
  An elf skeleton (Elf:2)
  A hog zombie (Lair:5)
  5 elephant skeletons (Lair:3)
  7 vampire mosquito zombies
  A blink frog skeleton (Lair:3)
  2 rime drake zombies (Lair:5)
  A komodo dragon zombie (Lair:6)
  10 yaktaur zombies
  A hippogriff zombie (Lair:4)
  2 salamander zombies (Snake:4)
  3 wyvern zombies (Lair:5)
  2 cyclops zombies (D:15)
  2 human skeletons
  A hippogriff skeleton (Lair:5)
  2 water moccasin zombies
  A cyclops skeleton (Vaults:2)
  9 yak zombies
  A troll zombie (D:14)
  A wight (D:10)
  A yak skeleton (Orc:2)
  A small abomination (Depths:5)
  6 bullfrog zombies
  2 centaur skeletons
  2 basilisk zombies
  A porcupine zombie (Lair:4)
  A kobold skeleton (D:8)
  2 bog body skeletons (Swamp:4)
  A porcupine skeleton (Lair:2)
  3 ogre zombies
  2 big kobold zombies
  A hound skeleton (D:14)
  5 worker ant zombies
  41 orc zombies
  6 swamp drake zombies
  2 orc skeletons
  An iguana skeleton (D:14)
  An orc (Vaults:1)
  A quokka (D:11)
  A kobold (D:11)
  9 kobold zombies
  A quokka zombie (D:8)
  8 rat skeletons (Orc:2)
  33 fungi
  47 plants
  21 spectral weapons
491 creatures vanquished.

Grand Total: 3245 creatures vanquished

Table legend:
 A = Turns spent in this place as a percentage of turns spent in the entire game.
 B = Non-inter-level travel turns spent in this place as a percentage of non-inter-level travel turns spent in the entire game.
 C = Inter-level travel turns spent in this place as a percentage of turns spent in this place.
 D = Turns resting spent in this place as a percentage of non-inter-level travel turns spent in this place.
 E = Turns spent auto-exploring this place as a percentage of non-inter-level travel turns spent in this place.
 F = Non-inter-level travel turns spent in this place divided by the number of levels of this place that you've seen.
                   A       B       C       D       E      F
               +-------+-------+-------+-------+-------+----------------------
         Total | 100.0 | 100.0 |   1.3 |   2.7 |   7.0 | 437.1
       Dungeon |  29.8 |  29.8 |   1.5 |   2.1 |   8.2 | 485.7
          Lair |  12.0 |  12.0 |   1.2 |   4.3 |   6.0 | 490.5
         Swamp |   5.4 |   5.4 |   1.4 |   1.1 |   8.0 | 331.5
     Snake Pit |   7.8 |   7.8 |   0.4 |   2.8 |   9.6 | 479.0
    Slime Pits |   3.5 |   3.5 |   1.5 |   6.3 |   1.4 | 172.6
  Orcish Mines |   2.9 |   2.8 |   2.7 |   1.3 |  11.6 | 344.0
   Elven Halls |   6.6 |   6.6 |   1.2 |   1.0 |   7.1 | 538.0
        Vaults |  10.0 |  10.0 |   1.3 |   0.7 |   6.7 | 610.8
        Depths |  10.2 |  10.1 |   2.1 |   2.6 |   6.7 | 493.2
           Zot |   9.3 |   9.4 |   0.8 |   5.3 |   3.4 | 458.8
         Sewer |   0.4 |   0.4 |   0.0 |   2.1 |  13.7 |  95.0
        Bailey |   0.9 |   1.0 |   0.0 |   5.2 |   0.0 | 233.0
      Ice Cave |   1.2 |   1.3 |   0.0 |   6.5 |   8.1 | 309.0
               +-------+-------+-------+-------+-------+----------------------

Table legend:
 A = Kills in this place as a percentage of kills in entire the game.
 B = Kills by you in this place as a percentage of kills by you in the entire game.
 C = Kills by friends in this place as a percentage of kills by friends in the entire game.
 D = Other kills in this place as a percentage of other kills in the entire game.
 E = Experience gained in this place as a percentage of experience gained in the entire game.
 F = Experience gained in this place divided by the number of levels of this place that you have seen.
                   A       B       C       D       E      F
               +-------+-------+-------+-------+-------+----------------------
         Total | 100.0 | 100.0 | 100.0 | 100.0 | 100.0 | 22763.0
       Dungeon |  19.8 |  25.6 |  11.2 |   0.0 |   7.2 | 6081.9
          Lair |  11.1 |   9.3 |  13.9 |   0.0 |   4.8 | 10124.2
         Swamp |   7.1 |   4.3 |  11.6 |   0.0 |   4.6 | 14622.5
     Snake Pit |  10.5 |   9.8 |  11.6 |   0.0 |   9.5 | 30278.0
    Slime Pits |   4.4 |   4.7 |   4.1 |   0.0 |   6.6 | 16893.6
  Orcish Mines |   3.6 |   4.4 |   2.4 |   0.0 |   0.9 | 5776.0
   Elven Halls |   6.4 |   9.1 |   2.2 |   0.0 |   9.9 | 42081.0
        Vaults |  15.0 |  12.1 |  19.4 |  16.7 |  14.8 | 47030.0
        Depths |  12.8 |  10.0 |  16.9 |  33.3 |  16.2 | 41345.2
           Zot |   7.7 |   8.4 |   6.4 |  50.0 |  25.1 | 63945.0
         Sewer |   0.2 |   0.4 |   0.0 |   0.0 |   0.0 | 114.0
        Bailey |   0.5 |   0.8 |   0.2 |   0.0 |   0.1 | 1326.0
      Ice Cave |   0.8 |   1.1 |   0.3 |   0.0 |   0.4 | 4877.0
               +-------+-------+-------+-------+-------+----------------------

Notes
Turn   | Place    | Note
-------+----------+-------------------------------------------
     0 | D:1      | shpingle the Cyno Wanderer began the quest for the Orb.
     0 | D:1      | shpingle set off with: a +2 scale mail, the Reference Book on Shape Shifting, a potion of lignification {!q}, a +0 club, a bread ration {@e1}
     0 | D:1      | Reached XP level 1. HP: 15/15 MP: 4/4
     0 | D:1      | Identified the Reference Book on Shape Shifting
   213 | D:1      | Reached skill level 3 in Armour
   213 | D:1      | Reached XP level 2. HP: 16/21 MP: 5/5
   254 | D:1      | Reached skill level 1 in Short Blades
   912 | D:2      | Reached skill level 1 in Axes
   912 | D:2      | Reached XP level 3. HP: 16/26 MP: 7/7
  1062 | D:2      | Found a basalt altar of Yredelemnul.
  1299 | D:2      | Became a worshipper of Yredelemnul the Dark
  1352 | D:3      | Reached skill level 4 in Armour
  1463 | D:2      | Found an ancient bone altar of Kikubaaqudgha.
  1463 | D:2      | Found a shadowy altar of Dithmenos.
  1466 | D:2      | Found a shimmering altar of Xom.
  1611 | D:3      | Reached XP level 4. HP: 32/32 MP: 8/8
  1713 | D:3      | Reached skill level 2 in Short Blades
  1863 | D:3      | Noticed jtron's ghost (amateur CyWz)
  1878 | D:3      | HP: 8/32 [jtron's ghost/magic dart (3)]
  1881 | D:3      | Gained mutation: You occasionally shout uncontrollably at your foes. [potion of mutation]
  1881 | D:3      | Gained mutation: You are frail. (-10% HP) [potion of mutation]
  1881 | D:3      | Gained mutation: Your magical capacity is low. (-10% MP) [potion of mutation]
  1890 | D:3      | HP: 7/28 [jtron's ghost (3)]
  1894 | D:3      | HP: 1/28 [jtron's ghost/magic dart (5)]
  1901 | D:3      | HP: 5/28 [jtron's ghost (4)]
  1905 | D:3      | Killed jtron's ghost
  1905 | D:3      | Reached skill level 3 in Short Blades
  1905 | D:3      | Reached skill level 5 in Armour
  1905 | D:3      | Reached XP level 5. HP: 8/33 MP: 8/8
  1908 | D:3      | Reached * piety under Yredelemnul
  2520 | D:1      | Reached skill level 4 in Short Blades
  2771 | D:4      | Noticed a phantom
  2777 | D:4      | Noticed an ogre
  2786 | D:4      | Reached XP level 6. HP: 26/38 MP: 9/9
  2814 | D:3      | HP: 9/38 [phantom (2)]
  3115 | D:3      | Reached skill level 1 in Invocations
  3304 | D:4      | Reached skill level 6 in Armour
  3304 | D:4      | Reached skill level 2 in Invocations
  3332 | D:3      | HP: 9/38 [poisoned by an orc]
  3337 | D:3      | HP: 7/38 [poisoned by an orc]
  3342 | D:3      | HP: 5/38 [poisoned by an orc]
  3349 | D:3      | HP: 4/38 [poisoned by an orc]
  3357 | D:3      | HP: 3/38 [poisoned by an orc]
  3834 | D:4      | Reached skill level 5 in Short Blades
  3834 | D:4      | Reached XP level 7. HP: 30/43 MP: 9/9
  3960 | D:4      | Reached skill level 3 in Invocations
  4333 | D:5      | Entered Level 5 of the Dungeon
  4502 | D:5      | Reached ** piety under Yredelemnul
  4897 | D:5      | Found a staircase to the Ecumenical Temple.
  4915 | D:5      | Reached skill level 7 in Armour
  4915 | D:5      | Reached skill level 4 in Invocations
  5036 | D:5      | Found a glowing golden altar of the Shining One.
  5253 | D:6      | Learned a level 1 spell: Beastly Appendage
  5261 | D:6      | Found a glowing drain.
  5303 | D:6      | Reached skill level 6 in Short Blades
  5363 | Sewer    | Entered a sewer
  5745 | D:6      | Reached XP level 8. HP: 42/48 MP: 10/10
  5756 | D:6      | Reached skill level 5 in Invocations
  5831 | D:6      | Found a radiant altar of Vehumet.
  5832 | D:6      | Found a hazy altar of Hepliaklqana.
  6521 | D:6      | Got an ominously black robe
  6530 | D:6      | Reached skill level 7 in Short Blades
  6544 | D:6      | Identified the +1 robe "Neug" {Str+5 Int+4 Dex+6} (You found it on level 6 of the Dungeon)
  6692 | D:7      | Reached skill level 8 in Armour
  6753 | D:7      | Learned a level 1 spell: Summon Small Mammal
  6913 | D:7      | Reached skill level 1 in Dodging
  6913 | D:7      | Reached skill level 1 in Summonings
  6925 | D:7      | Gained mutation: You tend to lose your temper in combat. [potion of mutation]
  6925 | D:7      | Gained mutation: You are weak. (Str -2) [potion of mutation]
  6940 | D:7      | HP: 9/48 [orc/enchanted trident (5)]
  7394 | D:7      | Reached skill level 2 in Fighting
  7560 | D:7      | Reached skill level 2 in Summonings
  7635 | D:7      | Reached skill level 2 in Dodging
  7669 | D:7      | Reached *** piety under Yredelemnul
  7802 | D:8      | Lost mutation: You occasionally shout uncontrollably at your foes. [potion of cure mutation]
  7802 | D:8      | Lost mutation: You are frail. (-10% HP) [potion of cure mutation]
  7802 | D:8      | Lost mutation: Your magical capacity is low. (-10% MP) [potion of cure mutation]
  7802 | D:8      | Lost mutation: You are weak. (Str -2) [potion of cure mutation]
  7802 | D:8      | Lost mutation: You tend to lose your temper in combat. [potion of cure mutation]
  7806 | D:8      | HP: 13/57 [wyvern (2)]
  7807 | D:8      | Reached skill level 3 in Fighting
  7807 | D:8      | Reached skill level 3 in Summonings
  8063 | D:8      | Reached skill level 3 in Dodging
  8063 | D:8      | Reached XP level 9. HP: 64/64 MP: 13/13
  8279 | D:8      | Reached skill level 8 in Short Blades
  8279 | D:8      | Reached skill level 4 in Summonings
  8327 | D:8      | Reached skill level 4 in Fighting
  8331 | D:8      | Gained mutation: You are partially covered in yellow scales. (AC +2) [mutagenic meat]
  8332 | D:8      | Gained mutation: Your mind is acute. (Int +2) [mutagenic meat]
  8333 | D:8      | Gained mutation: Your natural rate of healing is unusually fast. [mutagenic meat]
  8384 | D:8      | Noticed a kobold demonologist
  8403 | D:8      | Killed a kobold demonologist
  8403 | D:8      | Reached skill level 4 in Dodging
  8421 | D:8      | Noticed a two-headed ogre
  8441 | D:8      | Killed a two-headed ogre
  8441 | D:8      | Reached skill level 5 in Fighting
  8441 | D:8      | Reached skill level 5 in Dodging
  8441 | D:8      | Reached skill level 5 in Summonings
  8446 | D:8      | Learned a level 3 spell: Call Canine Familiar
  8606 | D:8      | Received a gift from Yredelemnul (a wight)
  8676 | D:8      | Noticed a two-headed ogre
  8689 | D:8      | Killed a two-headed ogre
  8689 | D:8      | Reached skill level 9 in Short Blades
  8775 | D:8      | Reached skill level 6 in Summonings
  8806 | D:8      | Gained mutation: Your flesh is heat resistant. (rF+) [mutagenic meat]
  8969 | D:8      | Found a sacrificial altar of Ru.
  9328 | D:9      | Reached skill level 6 in Fighting
  9328 | D:9      | Reached XP level 10. HP: 75/76 MP: 14/14
  9367 | D:9      | Found a white marble altar of Elyvilon.
  9418 | D:8      | Noticed a cyclops
  9422 | D:8      | Reached skill level 6 in Dodging
  9433 | D:8      | Killed a cyclops
  9484 | D:8      | Noticed Prince Ribbit
  9499 | D:8      | Killed Prince Ribbit
  9660 | D:9      | Identified the Guide on Poisoning
  9680 | D:9      | Reached skill level 1 in Evocations
  9690 | D:9      | Found a burning altar of Makhleb.
  9711 | D:9      | Received a gift from Yredelemnul (2 flying skulls)
  9734 | D:9      | Got a faintly humming robe
  9745 | D:9      | Identified the +2 robe "Bywaecyla" {rF+} (You found it on level 9 of the Dungeon)
  9982 | D:9      | Reached skill level 3 in Spellcasting
 10007 | D:9      | Found a staircase to the Orcish Mines.
 10083 | D:9      | Reached skill level 2 in Evocations
 10106 | D:9      | Reached **** piety under Yredelemnul
 10106 | D:9      | Reached skill level 9 in Armour
 10160 | D:9      | HP: 17/76 [something (9)]
 10163 | D:9      | HP: 8/76 [something (2)]
 10431 | D:9      | Reached skill level 7 in Dodging
 10509 | D:9      | Received a gift from Yredelemnul (2 flying skulls)
 10602 | D:10     | Entered Level 10 of the Dungeon
 10624 | D:10     | Reached skill level 4 in Spellcasting
 10661 | D:10     | Reached skill level 10 in Short Blades
 10661 | D:10     | Reached skill level 3 in Evocations
 10739 | D:10     | Received a gift from Yredelemnul (a wraith)
 10813 | D:10     | Found a flagged portal.
 10860 | Bailey   | Entered a bailey
 10860 | Bailey   | Noticed an orc knight
 10903 | Bailey   | HP: 16/76 [orc warrior/spear (7)]
 11020 | Bailey   | HP: 15/76 [orc warrior/bolt (10)]
 11023 | Bailey   | HP: 4/76 [orc warrior/bolt (9)]
 11184 | Bailey   | Reached skill level 6 in Invocations
 11190 | Bailey   | Reached skill level 5 in Spellcasting
 11411 | D:10     | Noticed Snorg
 11425 | D:10     | Killed Snorg
 11425 | D:10     | Reached skill level 1 in Staves
 11425 | D:10     | Reached skill level 4 in Evocations
 11425 | D:10     | Reached XP level 11. HP: 31/81 MP: 18/18
 11615 | D:10     | Reached skill level 2 in Staves
 11705 | D:10     | Reached skill level 10 in Armour
 11738 | D:11     | Noticed Urug
 11750 | D:11     | Killed Urug
 11812 | D:11     | Found a staircase to the Lair.
 11873 | D:11     | Found a glowing golden altar of the Shining One.
 11991 | D:11     | Reached skill level 3 in Staves
 12059 | D:11     | Reached skill level 5 in Evocations
 12075 | D:11     | Reached skill level 7 in Invocations
 12168 | D:11     | Killed an unseen horror
 12552 | Lair:1   | Entered Level 1 of the Lair of Beasts
 12633 | Lair:1   | Got a pair of spiked gloves
 12644 | Lair:1   | Identified the +2 pair of gloves of the Arcane {rPois rC+ MP+9} (You found it on level 1 of the Lair of Beasts)
 12708 | Lair:1   | Reached skill level 4 in Staves
 12939 | Lair:1   | Noticed a wolf spider
 12959 | Lair:1   | Reached skill level 6 in Evocations
 12966 | Lair:1   | Killed a wolf spider
 12970 | Lair:1   | Reached skill level 5 in Staves
 12979 | Lair:1   | Reached skill level 11 in Armour
 13490 | Lair:2   | Reached skill level 8 in Invocations
 13507 | Lair:2   | Reached skill level 6 in Staves
 13514 | Lair:2   | Identified the Papyrus of Displaced Good Luck
 13630 | Lair:2   | Received a gift from Yredelemnul (3 flying skulls)
 13639 | Lair:2   | Learned a level 1 spell: Infusion
 13649 | Lair:2   | Reached skill level 7 in Staves
 13655 | Lair:2   | Reached skill level 1 in Charms
 13832 | Lair:2   | Found a staircase to the Snake Pit.
 13839 | Lair:2   | Reached skill level 2 in Charms
 13909 | Lair:2   | Found a staircase to the Swamp.
 13954 | Lair:2   | Reached skill level 8 in Staves
 14262 | Lair:2   | Reached XP level 12. HP: 88/88 MP: 19/19
 14294 | Lair:3   | Reached skill level 3 in Charms
 14382 | Lair:3   | Reached skill level 9 in Staves
 14386 | Lair:3   | Reached skill level 4 in Charms
 14536 | Lair:3   | Reached skill level 10 in Staves
 14585 | Lair:3   | Reached skill level 5 in Charms
 14611 | Lair:3   | Noticed a dire elephant
 14624 | Lair:3   | Reached skill level 11 in Staves
 14631 | Lair:3   | Killed a dire elephant
 14631 | Lair:3   | Reached skill level 6 in Charms
 14635 | Lair:3   | Learned a level 2 spell: Song of Slaying
 14734 | Lair:3   | Received a gift from Yredelemnul (a vampire)
 14908 | Lair:3   | Noticed a queen ant
 14910 | Lair:3   | Reached skill level 12 in Staves
 14949 | Lair:3   | Killed a queen ant
 14980 | Lair:3   | Received a gift from Yredelemnul (a vampire)
 15327 | Lair:4   | Found a frozen archway.
 15336 | IceCv    | Entered an ice cave
 15448 | IceCv    | Reached skill level 13 in Staves
 15456 | IceCv    | Received a gift from Yredelemnul (2 flying skulls)
 15743 | IceCv    | Reached XP level 13. HP: 93/93 MP: 20/20
 16234 | Lair:4   | Reached skill level 14 in Staves
 16276 | Lair:4   | Reached ***** piety under Yredelemnul
 16276 | Lair:4   | Reached skill level 8 in Dodging
 16542 | Lair:4   | Reached skill level 9 in Dodging
 16880 | Lair:4   | Got a diamond-encrusted leather armour
 16891 | Lair:4   | Identified the +3 leather armour of Vehumet's Delight {*Corrode rElec rPois rF++} (You found it on level 4 of the Lair of Beasts)
 17394 | Lair:5   | Received a gift from Yredelemnul (a skeletal warrior)
 17399 | Lair:5   | Found a staircase to the Slime Pits.
 17405 | Lair:5   | Noticed Kirke
 17422 | Lair:5   | Killed Kirke
 17422 | Lair:5   | Reached skill level 10 in Dodging
 17528 | Lair:5   | Received a gift from Yredelemnul (5 flying skulls)
 17747 | Lair:5   | Reached skill level 7 in Evocations
 17763 | Lair:5   | Reached skill level 11 in Dodging
 17821 | Lair:5   | HP: 23/93 [wyvern (9)]
 17839 | Lair:5   | HP: 23/93 [rime drake/flash freeze (3)]
 18569 | Lair:6   | Entered Level 6 of the Lair of Beasts
 18582 | Lair:5   | Reached skill level 12 in Dodging
 18703 | Lair:5   | Received a gift from Yredelemnul (a wraith)
 18725 | Lair:6   | Reached skill level 8 in Evocations
 18809 | Lair:6   | Reached skill level 7 in Fighting
 18914 | Lair:6   | Received a gift from Yredelemnul (a vampire)
 18922 | Lair:6   | Reached XP level 14. HP: 100/103 MP: 19/21
 18938 | Lair:6   | Reached skill level 9 in Invocations
 19228 | Lair:6   | Reached skill level 8 in Fighting
 19511 | Lair:6   | Reached skill level 12 in Armour
 19533 | Lair:6   | Received a gift from Yredelemnul (a phantasmal warrior)
 19560 | Lair:6   | Reached ****** piety under Yredelemnul
 19730 | Lair:6   | Learned a level 3 spell: Spectral Weapon
 19730 | Lair:6   | shpingle: !ac 13
 19730 | Lair:6   | beem: 1.69 armour skill per 1 AC for 13 base AC
 19795 | Lair:6   | Identified Igetaj's Guide on Floating Attacks
 19813 | Lair:6   | Received a gift from Yredelemnul (a wraith)
 20049 | Lair:6   | Found a white marble altar of Elyvilon.
 20537 | D:11     | shpingle: ??shadow mimic
 20537 | D:11     | beem: shadow mimic[1/1]: Dithmenos' **** power (passive). Your shadow mimicks your attacks with a frequency depending on piety, 10% chance at **** and 50% at 200 piety. Melee and ranged weapons use an unbranded +0 weapon of your wielded type, and conjurations use "shadow shard" or "shadow bolt", dealing nonelemental damage regardless of your conjuration. Hexes make a second hex attempt.
 20537 | D:11     | shpingle: !lg aer1al
 20537 | D:11     | beem: 160. Aer1al the Grand Master (L27 OpIE of Ru), escaped with the Orb and 15 runes on 2017-01-31 04:03:07, with 12370160 points after 132164 turns and 15:25:16.
 20537 | D:11     | shpingle: !lg aer1al -2
 20537 | D:11     | beem: 159/160. Aer1al the Hellbinder (L27 OgSu of Sif Muna), escaped with the Orb and 15 runes on 2017-01-26 07:30:36, with 11427534 points after 141529 turns and 18:30:40.
 20537 | D:11     | shpingle: !lg aer1al -3
 20537 | D:11     | beem: 158/160. Aer1al the Plane Slider (L27 NaWr of Cheibriados), escaped with the Orb and 15 runes on 2017-01-23 03:38:19, with 13514660 points after 119501 turns and 14:47:42.
 20602 | D:12     | Reached skill level 1 in Hexes
 20610 | D:12     | Found a blossoming altar of Fedhas.
 21005 | D:12     | Found a shadowy altar of Dithmenos.
 21032 | D:12     | Found Ruycai's Weapon Shoppe.
 21275 | D:12     | Reached skill level 10 in Invocations
 21277 | D:12     | Received a gift from Yredelemnul (a vampire)
 21420 | D:13     | Reached skill level 2 in Hexes
 21797 | D:13     | Reached skill level 9 in Fighting
 21890 | D:13     | Reached skill level 3 in Hexes
 21900 | D:13     | Reached skill level 7 in Charms
 21906 | D:13     | HP: 23/108 [death knight/great sword (16)]
 21909 | D:13     | HP: 10/108 [phantasmal warrior[a death knight] (15)]
 22462 | D:14     | Reached skill level 4 in Hexes
 22567 | D:14     | Reached skill level 13 in Armour
 22583 | D:14     | Reached skill level 8 in Charms
 22651 | D:14     | Reached skill level 5 in Hexes
 22663 | D:14     | Found Zuxtiely's Food Emporium.
 22737 | D:14     | Noticed Josephine
 22756 | D:14     | Killed Josephine
 22951 | D:14     | Received a gift from Yredelemnul (a skeletal warrior)
 23123 | D:14     | Reached skill level 6 in Spellcasting
 23159 | D:14     | Reached skill level 6 in Hexes
 23159 | D:14     | Reached XP level 15. HP: 95/114 MP: 24/24
 23159 | D:14     | Received a gift from Yredelemnul (a flayed ghost)
 23195 | D:14     | Reached skill level 10 in Fighting
 23203 | D:14     | Found a gate to the Vaults.
 23447 | D:15     | Entered Level 15 of the Dungeon
 23465 | D:15     | Reached skill level 7 in Spellcasting
 23500 | D:15     | Reached skill level 7 in Hexes
 23760 | D:15     | Received a gift from Yredelemnul (a phantasmal warrior)
 23805 | D:15     | HP: 23/117 [deep elf mage/bolt of lightning (14)]
 23810 | D:15     | HP: 16/117 [deep elf mage/bolt of lightning (24)]
 23811 | D:15     | dextar: drain life again
 23811 | D:15     | dextar: drain life is cheap
 23811 | D:15     | dextar: ??drain life
 23811 | D:15     | beem: drain life[1/2]: A Yredelemnul 4* ability; drains 1+1d7+1d(Invocations) HP from all non-drain-resistant hostiles in your LOS and heals you for the lesser of (Invocations*2) and half the total damage dealt. Costs 6 MP, 200 nutrition, and 2 piety.
 23811 | D:15     | dextar: only 2 piety, that's basically free
 23811 | D:15     | dextar: oh what's your invo
 23811 | D:15     | shpingle: hrm
 23811 | D:15     | shpingle: so I can only heal 20
 23811 | D:15     | dextar: that's alright tho I'd max it out with +2 invo
 23811 | D:15     | dextar: um i think that's wrong cause i seemed to heal like 100
 23811 | D:15     | dextar: my impressions
 23811 | D:15     | shpingle: maybe it's 20 per creature
 23811 | D:15     | dextar: so maybe that's per creature
 23812 | D:15     | dextar: 52
 23812 | D:15     | dextar: you were 16
 23812 | D:15     | shpingle: large rock and lightning bolts still kould have killed me on a bad day :D
 23812 | D:15     | shpingle: thanks though
 23812 | D:15     | dextar: that's 36 HP healed
 23812 | D:15     | shpingle: so it was 12 per, hm
 23812 | D:15     | dextar: drain life is amazing and super cheap
 23812 | D:15     | shpingle: roger that, piety costs are weird
 23812 | D:15     | shpingle: and unclear
 23812 | D:15     | dextar: the amount is random
 23812 | D:15     | dextar: ??injury mirror
 23812 | D:15     | beem: yredelemnul[3/5]: Injury mirror causes monsters to suffer the damage they deal to you. Piety cost is the square root of damage done per hit.
 23813 | D:15     | Reached skill level 8 in Spellcasting
 23816 | D:15     | dextar: now that is bizarre
 23850 | D:15     | Reached skill level 11 in Fighting
 24143 | D:15     | Reached skill level 9 in Spellcasting
 24163 | D:15     | Received a gift from Yredelemnul (a bone dragon)
 24164 | D:15     | first bone dragon!
 24167 | D:15     | Noticed a fire giant
 24177 | D:15     | Killed a fire giant
 24179 | D:15     | Found a staircase to the Depths.
 24810 | D:15     | Found a hide-covered altar of Uskayaw.
 24960 | D:13     | Reached skill level 12 in Fighting
 25095 | Orc:1    | Entered Level 1 of the Orcish Mines
 25104 | D:9      | Reached skill level 10 in Spellcasting
 25168 | Orc:1    | Found Siwkub's Book Boutique.
 25192 | Orc:1    | Found a roughly hewn altar of Beogh.
 25357 | Orc:2    | Entered Level 2 of the Orcish Mines
 25357 | Orc:2    | Noticed an orc warlord
 25376 | Orc:1    | Killed an orc warlord
 25872 | Orc:2    | Reached skill level 11 in Invocations
 25882 | Orc:2    | Received a gift from Yredelemnul (a profane servitor)
 25883 | Orc:2    | first profane servitor!
 26064 | Orc:2    | Received a gift from Yredelemnul (a flayed ghost)
 26076 | Orc:2    | Found Uvaumape's Antique Armour Shoppe.
 26076 | Orc:2    | Found Tanaas's Armour Boutique.
 26101 | Orc:2    | Found Nuomuirr's Antique Weapon Shoppe.
 26101 | Orc:2    | Found Vepidil's General Store.
 26213 | Orc:2    | Bought a pair of steaming gloves for 313 gold pieces
 26223 | Orc:2    | Identified the +0 pair of gloves "Olybug" {rElec Int-3 Slay+6} (You bought it in a shop on level 2 of the Orcish Mines)
 26226 | Orc:2    | Bought a potion of resistance for 140 gold pieces
 26228 | Orc:2    | Bought a +1 cloak of invisibility for 181 gold pieces
 26376 | Orc:2    | Found a staircase to the Elven Halls.
 26876 | Swamp:1  | Entered Level 1 of the Swamp
 26955 | Swamp:1  | Reached skill level 12 in Invocations
 26991 | Swamp:1  | Received a gift from Yredelemnul (a profane servitor)
 27186 | Swamp:1  | Noticed Nikola
 27196 | Swamp:1  | Killed Nikola
 27196 | Swamp:1  | Reached XP level 16. HP: 65/127 MP: 30/30
 27555 | Swamp:1  | Received a gift from Yredelemnul (a skeletal warrior)
 27739 | Swamp:2  | Reached skill level 13 in Invocations
 27745 | Swamp:2  | Noticed a thorn hunter
 27755 | Swamp:2  | Killed a thorn hunter
 27840 | Swamp:2  | Noticed Donald
 27858 | Swamp:2  | Killed Donald
 27872 | Swamp:2  | Received a gift from Yredelemnul (a vampire)
 28036 | Swamp:2  | Received a gift from Yredelemnul (a phantasmal warrior)
 28052 | Swamp:2  | Reached skill level 14 in Invocations
 28141 | Swamp:2  | Noticed Louise
 28158 | Swamp:2  | Killed Louise
 28803 | Swamp:3  | Noticed Jorgrun
 28821 | Swamp:3  | Killed Jorgrun
 28906 | Swamp:3  | Reached skill level 13 in Dodging
 28906 | Swamp:3  | Received a gift from Yredelemnul (a vampire)
 28980 | Swamp:3  | Found a deep blue altar of Sif Muna.
 29059 | Swamp:3  | Received a gift from Yredelemnul (a ghoul)
 29113 | Swamp:3  | Got a scintillating bone ring
 29115 | Swamp:3  | Identified the ring "Iton" {+Fly rC++ rN+++ SInv Stlth-} (You found it on level 3 of the Swamp)
 29433 | Swamp:4  | Entered Level 4 of the Swamp
 29497 | Swamp:4  | Reached skill level 14 in Dodging
 29510 | Swamp:4  | Noticed a tentacled monstrosity
 29524 | Swamp:4  | Killed a tentacled monstrosity
 29584 | Swamp:4  | Reached skill level 14 in Armour
 29614 | Swamp:4  | Got a decaying rune of Zot
 29771 | Swamp:4  | Received a gift from Yredelemnul (a flayed ghost)
 29787 | Swamp:4  | Noticed meatyocre's ghost (adept CyGl)
 29804 | Swamp:4  | Killed meatyocre's ghost
 29804 | Swamp:4  | Reached skill level 2 in Throwing
 29886 | Swamp:4  | Noticed a thorn hunter
 29891 | Swamp:4  | Killed a thorn hunter
 29963 | Swamp:4  | Received a gift from Yredelemnul (a vampire)
 30216 | Swamp:4  | Reached skill level 7 in Summonings
 30356 | Swamp:4  | Learned a level 4 spell: Summon Lightning Spire
 31457 | D:11     | Learned a level 3 spell: Summon Guardian Golem
 31499 | D:11     | Learned a level 6 spell: Deflect Missiles
 31699 | Snake:1  | Entered Level 1 of the Snake Pit
 31773 | Snake:1  | Reached skill level 1 in Air Magic
 31885 | Snake:1  | Received a gift from Yredelemnul (a skeletal warrior)
 32148 | Snake:1  | Reached skill level 8 in Hexes
 32153 | Snake:1  | Received a gift from Yredelemnul (a skeletal warrior)
 32153 | Snake:1  | Reached skill level 2 in Air Magic
 32353 | Snake:1  | Reached XP level 17. HP: 82/133 MP: 27/31
 32826 | Snake:2  | Reached skill level 3 in Air Magic
 32839 | Snake:2  | Reached skill level 9 in Evocations
 33061 | Snake:2  | Received a gift from Yredelemnul (a flayed ghost)
 33167 | Snake:2  | Reached skill level 8 in Summonings
 33305 | Snake:2  | shpingle: ??umbra
 33305 | Snake:2  | beem: umbra[1/1]: An aura which doubles stealth, causes accuracy penalties and cancels out haloes. *+ Dithmenos worshippers and ***+ Yredelemnul worshippers are immune to the accuracy reduction. Produced by profane servitors, Dithmenos worshippers, and anyone who wears the {ring of shadows}.
 33344 | Snake:3  | Found a runed gate.
 33349 | Snake:3  | Reached skill level 4 in Air Magic
 33350 | Snake:3  | Found a runed gate.
 33350 | Snake:3  | Found a runed gate.
 33361 | Snake:3  | Noticed kazak's ghost (adept CyAK)
 33390 | Snake:3  | Reached skill level 9 in Charms
 33457 | Snake:3  | Noticed Speleothing's ghost (adept CySu)
 33476 | Snake:3  | Killed Speleothing's ghost
 33476 | Snake:3  | Reached skill level 9 in Hexes
 33534 | Snake:3  | Reached skill level 5 in Air Magic
 33554 | Snake:3  | Killed kazak's ghost
 33628 | Snake:3  | Noticed Vashnia
 33636 | Snake:3  | HP: 25/133 [Vashnia/arrow (23)]
 33641 | Snake:3  | HP: 27/133 [naga sharpshooter/arrow[Vashnia] (7)]
 33646 | Snake:3  | HP: 32/133 [poisoned by a naga sharpshooter (splash of poison)]
 33650 | Snake:3  | Killed Vashnia
 33650 | Snake:3  | Reached skill level 6 in Air Magic
 33650 | Snake:3  | Reached skill level 10 in Evocations
 33654 | Snake:3  | Received a gift from Yredelemnul (a profane servitor)
 33680 | Snake:3  | Found Wiaf's Food Shop.
 33922 | Snake:3  | Reached skill level 7 in Air Magic
 34250 | Snake:3  | Noticed meatyocre's ghost (adept CyGl)
 34274 | Snake:3  | Killed meatyocre's ghost
 34274 | Snake:3  | Reached skill level 11 in Evocations
 34593 | Snake:3  | Reached skill level 8 in Air Magic
 34831 | Snake:3  | Received a gift from Yredelemnul (a bone dragon)
 34835 | Snake:3  | Reached skill level 9 in Air Magic
 34937 | Snake:4  | Entered Level 4 of the Snake Pit
 35361 | Snake:4  | Noticed Aizul
 35370 | Snake:4  | Killed Aizul
 35406 | Snake:4  | Reached skill level 10 in Air Magic
 35648 | Snake:4  | Your ally Aizul died
 35655 | Snake:4  | Received a gift from Yredelemnul (a phantasmal warrior)
 35785 | Snake:4  | Reached skill level 11 in Air Magic
 35811 | Snake:4  | Reached XP level 18. HP: 120/140 MP: 26/32
 35823 | Snake:4  | Reached skill level 10 in Hexes
 35979 | Snake:4  | Received a gift from Yredelemnul (a bone dragon)
 35994 | Snake:4  | Reached skill level 12 in Air Magic
 36025 | Snake:4  | Received a gift from Yredelemnul (a ghoul)
 36025 | Snake:4  | Received a gift from Yredelemnul (a skeletal warrior)
 36042 | Snake:4  | Reached skill level 11 in Hexes
 36048 | Snake:4  | Paralysed by a naga for 3 turns
 36107 | Snake:4  | Reached skill level 13 in Air Magic
 36133 | Snake:4  | Got a serpentine rune of Zot
 36213 | Snake:4  | HP: 35/140 [poisoned by a naga ritualist (toxic radiance)]
 36218 | Snake:4  | HP: 26/140 [poisoned by a naga ritualist (toxic radiance)]
 36223 | Snake:4  | HP: 21/140 [poisoned by a naga ritualist (toxic radiance)]
 36228 | Snake:4  | HP: 18/140 [poisoned by a naga ritualist (toxic radiance)]
 36233 | Snake:4  | HP: 18/140 [poisoned by a naga ritualist (toxic radiance)]
 36239 | Snake:4  | HP: 18/140 [poisoned by a naga ritualist (toxic radiance)]
 36244 | Snake:4  | HP: 20/140 [poisoned by a naga ritualist (toxic radiance)]
 36251 | Snake:4  | HP: 23/140 [poisoned by a naga ritualist (toxic radiance)]
 36259 | Snake:4  | HP: 27/140 [poisoned by a naga ritualist (toxic radiance)]
 36546 | Snake:4  | shpingle: ??order
 36546 | Snake:4  | beem: hyperelliptic[1/1]: Lair -> D:12 -> Orc -> D:15 -> S:3 -> maybe other S:3 -> get rune -> Vaults:4 -> maybe get second rune -> Depths:5 -> get three runes -> Zot
 36795 | Vaults:1 | Entered Level 1 of the Vaults
 36835 | Vaults:1 | HP: 33/140 [flayed ghost/flay_damage (14)]
 36837 | Vaults:1 | HP: 16/140 [acid (19)]
 36997 | Vaults:1 | Reached skill level 14 in Air Magic
 37030 | Vaults:1 | Reached skill level 12 in Hexes
 37044 | Vaults:1 | Received a gift from Yredelemnul (a ghoul)
 37175 | Vaults:1 | Got a pair of encrusted boots
 37186 | Vaults:1 | Identified the +2 pair of boots "Bapaewn" {rElec Stlth+} (You found it on level 1 of the Vaults)
 37438 | Vaults:1 | Reached skill level 10 in Charms
 37438 | Vaults:1 | Received a gift from Yredelemnul (a phantasmal warrior)
 37710 | Vaults:1 | Got an uncursed smoking battleaxe {elec}
 37711 | Vaults:1 | Identified the +7 battleaxe "Dragon's Foe" {elec, Int+4} (You took it off a centaur warrior on level 1 of the Vaults)
 37988 | Vaults:1 | Identified a scroll of acquirement
 38030 | Vaults:1 | Received a gift from Yredelemnul (a flayed ghost)
 38097 | Vaults:1 | Reached skill level 13 in Hexes
 38198 | Vaults:1 | Reached skill level 11 in Charms
 38295 | Vaults:1 | shpingle: ??acq
 38295 | Vaults:1 | beem: acquirement[1/3]: Will give you a (usable) random item moderately likely to be better than a random item off the ground! See also ?? acquirement, where is book, staff, weapon, jewellery, armour, misc, gold, food, wand, e.g. {weapon acquirement}. misc and wand acquirement merged into {evocable acquirement} in 0.20.
 38295 | Vaults:1 | shpingle: ??acq[2
 38295 | Vaults:1 | beem: acquirement[2/3]: Do not use over lava or deep water! What kind of item would you like to acquire? (\ to view known items) Something appears before you! You hear a sizzling splash.
 38295 | Vaults:1 | shpingle: ??acq[3
 38295 | Vaults:1 | beem: acquirement[3/3]: You finish putting on the -9 naga barding of Ypurch {Dex-3 Int-2}.
 38295 | Vaults:1 | shpingle: ??air staff
 38295 | Vaults:1 | beem: I don't have a page labeled air_staff in my learndb.
 38295 | Vaults:1 | shpingle: ??staff
 38295 | Vaults:1 | beem: staff[1/3]: (staves; +5 acc / 5 dam / 1.2 base delay / 0.6 min delay). There are four kinds: energy (negates {spell hunger} and can be e(v)oked to convert food into MP), wizardry (reduces spell failure chances), power (grants extra MP), and enhancer (makes a specific school of magic more powerful, often granting thematic melee powers and resistances).
 38483 | Vaults:2 | Received a gift from Yredelemnul (a flayed ghost)
 38490 | Vaults:2 | Reached XP level 19. HP: 132/146 MP: 24/33
 38998 | Vaults:2 | Reached skill level 12 in Charms
 39092 | Vaults:2 | Noticed GravitySqueeze's ghost (adept CyAr)
 39111 | Vaults:2 | Killed GravitySqueeze's ghost
 39111 | Vaults:2 | Reached skill level 14 in Hexes
 39262 | Vaults:2 | Received a gift from Yredelemnul (a ghoul)
 39275 | Vaults:2 | Found a staircase to the Crypt.
 39281 | Vaults:2 | Reached skill level 13 in Charms
 39678 | Vaults:3 | Reached skill level 14 in Charms
 39950 | Vaults:3 | Found Ruifos's Antique Armour Shop.
 40122 | Vaults:3 | Reached skill level 12 in Evocations
 40245 | Vaults:3 | Identified the Almanac of Companions and Changing
 40391 | Vaults:3 | Reached skill level 13 in Evocations
 40477 | Vaults:3 | Received a gift from Yredelemnul (a vampire knight)
 40566 | Vaults:3 | shpingle: ??evocables
 40566 | Vaults:3 | beem: evocables ~ evocations[1/1]: This skill affects wands and abilities gained from items. Evocation skill adds to wand power, though spell power caps are still respected. Gives you more MP.
 40566 | Vaults:3 | shpingle: ?/evocables
 40566 | Vaults:3 | beem: Matching entries (4): HOLYSHIT[5]
                  | mumo[2]
                  | patacrawl[1]
                  | sacrifice_artifice[1]
 40566 | Vaults:3 | shpingle: ??holyshit[2
 40566 | Vaults:3 | beem: HOLYSHIT[2/17]: chequers: Kramin things are looking up! I cleared to d:12 then entered orc. you have a full inventory of crap and lots of piety, one thing I wasn't sure about was armour so maybe change that asap
 40566 | Vaults:3 | shpingle: ??holyshit[5
 40566 | Vaults:3 | beem: HOLYSHIT[5/17]: done snake, you do swamp. nothing new to report. you're training evo because you have a nice set of evocables now (remember you can only use one evocable per-type now, you can still stack them but it's pointless so try not to for clarity)
 40566 | Vaults:3 | shpingle: ??patacrawl
 40566 | Vaults:3 | beem: patacrawl[1/1]: planned features: pack/kiting monster AI, eliminate D:1/start at xl3, shiren style traps, double brands/double egos, more quad damage, better misc evocables, nightmare difficulty, maybe crawl light's neostairs
 40566 | Vaults:3 | shpingle: ??mumo[2
 40566 | Vaults:3 | beem: mumo[2/3]: MuMo, no body armour, no weapons, no gods nor magics, no amulets, evocables, running, bucklers, slaying, or regen, and no throwing anything unless it's funny
 40934 | Vaults:4 | Noticed Sojobo
 40945 | Vaults:4 | Reached skill level 14 in Evocations
 40957 | Vaults:4 | Killed Sojobo
 40960 | Vaults:4 | forgot to enslave sojobo :(
 40960 | Vaults:4 | shpingle: ??sojobo
 40960 | Vaults:4 | beem: sojobo[1/1]: The tengu queen. Comes with a band of tengu reavers and has passive deflect missiles. Knows lightning bolt, wind blast, airstrike, can summon air elementals, and is guaranteed a triple or great sword (typically elec).
 41021 | Vaults:4 | Reached XP level 20. HP: 133/153 MP: 26/34
 41029 | Vaults:4 | Received a gift from Yredelemnul (a vampire knight)
 41156 | Vaults:4 | Received a gift from Yredelemnul (a ghoul)
 41190 | Vaults:4 | Reached skill level 9 in Summonings
 41287 | Vaults:4 | Noticed Xtahua
 41288 | Vaults:4 | shpingle: ??paralyse
 41288 | Vaults:4 | beem: paralyse[1/1]: A monster spell, wand effect, and needle brand that deprives the victim of action for a few turns. Performed by wizard, giant eyeball, great orb of eyes, sphinx, lich, ancient lich, ogre-mage, vampire knight, deep elf mage, orc sorcerer, Grinder, Rupert, Ereshkigal, Norris, Erolcha, and anyone who picks up the wand.
 41288 | Vaults:4 | shpingle: ??xtahua
 41288 | Vaults:4 | beem: XTAHUA[1/3]: A POWERFUL UNIQUE DRAGON, USUALLY FOUND IN THE MIDGAME. BREATHES PAINFUL (3D38) FIRE AND CASTS PARALYSIS, BUT IS VULNERABLE TO COLD. HER MELEE DAMAGE POTENTIAL IS NOTHING TO SNEEZE AT, EITHER. AT SOME POINT DURING HER YEARS AS AN ANCIENT AND MIGHTY DRAGON, SHE LEARNED HOW TO SMASH THROUGH DOORS.
 41288 | Vaults:4 | shpingle: ??xtahua[2
 41288 | Vaults:4 | beem: XTAHUA[2/3]: SMASHING DOORS WASN'T ENOUGH, SO XTAHUA STARTED HER OWN SERVER WITH THE HELP OF HUMAN MINIONS MEDAR AND ZKYP: SEE {CXC}.
 41288 | Vaults:4 | shpingle: ??xtahua[3
 41288 | Vaults:4 | beem: XTAHUA[3/3]: http://xtahua.com/
 41288 | Vaults:4 | Paralysed by Xtahua for 2 turns
 41291 | Vaults:4 | Killed Xtahua
 41291 | Vaults:4 | Enslaved Xtahua
 41501 | Vaults:4 | Reached skill level 11 in Spellcasting
 41725 | Vaults:4 | Received a gift from Yredelemnul (a ghoul)
 41867 | Vaults:4 | Reached skill level 13 in Fighting
 42273 | D:11     | shpingle: hello, is someone spectating this?
 42273 | D:11     | shpingle: didn't see you there
 42273 | D:11     | shpingle: !apt na
 42273 | D:11     | beem: Na: Fighting: 0, Short: 0, Long: 0, Axes: 0, Maces: 0, Polearms: 0, Staves: 0, Slings: -1, Bows: -1, Xbows: -1, Throw: -1, Armour: -2, Dodge: -2, Stealth: 5!, Shields: -2, UC: 0, Splcast: -1, Conj: 0, Hexes: 0, Charms: 0, Summ: 0, Nec: 0, Tloc: 0, Tmut: 0, Fire: 0, Ice: 0, Air: 0, Earth: 0, Poison: 3!, Inv: 1, Evo: 0, Exp: 0, HP: 2, MP: 0
 42273 | D:11     | shpingle: ??encumbrance
 42273 | D:11     | beem: encumbrance rating[1/3]: A number representing how much armour harms your spellcasting, dodging, and melee accuracy. Units are "arbitrary units of encumbrance" (aue).
 42273 | D:11     | shpingle: ??encumbrance[2
 42273 | D:11     | beem: heavy armour[1/1]: Refers to body armours with an encumbrance rating of 5 or more, which are incompatible with {Ozocubu's Armour}.
 42273 | D:11     | shpingle: ??encumbrance[3
 42273 | D:11     | beem: aevp[1/2]: Adjusted body armour evasion penalty. Affects spell success, melee and missile accuracy. Its value is [(2/5) * er^2 / (str+3)] * [45 - armour_skill]/45.
 42273 | D:11     | shpingle: ??heavy armour
 42273 | D:11     | beem: heavy armour[1/1]: Refers to body armours with an encumbrance rating of 5 or more, which are incompatible with {Ozocubu's Armour}.
 42273 | D:11     | shpingle: ??armour
 42273 | D:11     | beem: armour[1/4]: AC reduces incoming damage from most sources by 1d(AC+1)-1. This occurs before resistances. This can reduce it to 0. You might still get poisoned, banished etc. though. Some electric attacks (such as shock, lightning bolt, electric eel blasts) only check half of your AC. Impact damage from poison spells checks ac, the poison damage itself does not.
 42273 | D:11     | shpingle: ??body armour
 42273 | D:11     | beem: body armour[1/2]: {leather_armour}, {ring_mail}, {scale_mail}, {chain_mail}, {plate_armour}, {crystal_plate_armour}
 42273 | D:11     | shpingle: ??ring mail
 42273 | D:11     | beem: ring mail[1/1]: 5AC, 7ER.
 42273 | D:11     | shpingle: ??leather armour
 42273 | D:11     | beem: leather armour[1/1]: 3AC, 4ER.
 42273 | D:11     | shpingle: ??body armour[2
 42273 | D:11     | beem: body armour[2/2]: {troll_leather_armour}, {steam_dragon_armour}, {mottled_dragon_armour} (or faerie), {swamp_dragon_armour}, {fire_dragon_armour}, {ice_dragon_armour}, {storm_dragon_armour}, {shadow_dragon_armour} (0.16+), {quicksilver_dragon_armour} (0.16+), {pearl_dragon_armour}, {gold_dragon_armour}
 42277 | D:11     | Learned a level 3 spell: Ozocubu's Armour
 42634 | D:11     | Learned a level 4 spell: Summon Ice Beast
 42660 | D:11     | shpingle: ??control undead
 42660 | D:11     | beem: control undead[1/1]: This spell causes all nearby undead to be affected as if by enslavement. The effect IS temporary.
 42677 | D:11     | shpingle: ??order
 42677 | D:11     | beem: hyperelliptic[1/1]: Lair -> D:12 -> Orc -> D:15 -> S:3 -> maybe other S:3 -> get rune -> Vaults:4 -> maybe get second rune -> Depths:5 -> get three runes -> Zot
 42781 | D:11     | Your ally Urug died
 42920 | Depths:1 | Entered Level 1 of the Depths
 42979 | Depths:1 | Reached skill level 1 in Ice Magic
 42997 | Depths:1 | Gained mutation: You have a pair of small horns on your head. [mutagenic meat]
 42998 | Depths:1 | Gained mutation: You have sharp fingernails. [mutagenic meat]
 42999 | Depths:1 | Gained mutation: You are frail. (-10% HP) [mutagenic meat]
 43000 | Depths:1 | Lost mutation: Your mind is acute. (Int +2) [mutagenic meat]
 43064 | Depths:1 | Reached skill level 2 in Ice Magic
 43165 | Depths:1 | Reached skill level 10 in Summonings
 43215 | Depths:1 | Reached skill level 3 in Ice Magic
 43231 | Depths:1 | Reached skill level 12 in Spellcasting
 43247 | Depths:1 | Found a one-way gate leading to the halls of Pandemonium.
 43314 | Depths:1 | Received a gift from Yredelemnul (a flayed ghost)
 43315 | Depths:1 | Found a gateway to Hell.
 43360 | Depths:1 | Noticed Asterion
 43374 | Depths:1 | Killed Asterion
 43374 | Depths:1 | Enslaved Asterion
 43415 | Depths:1 | Reached skill level 4 in Ice Magic
 43441 | Depths:1 | Gained mutation: You are mostly covered in yellow scales. (AC +3) [mutagenic meat]
 43443 | Depths:1 | Gained mutation: You are partially covered in rugged brown scales. (AC +1, +3% HP) [mutagenic meat]
 43444 | Depths:1 | Lost mutation: You are frail. (-10% HP) [mutagenic meat]
 43479 | Depths:1 | Noticed Saint Roka
 43496 | Depths:1 | Killed Saint Roka
 44078 | Depths:2 | Reached skill level 5 in Ice Magic
 44239 | Depths:2 | Reached skill level 11 in Summonings
 44264 | Depths:2 | Noticed Mara
 44273 | Depths:2 | Noticed shpingle's illusion
 44279 | Depths:2 | Killed Mara
 44279 | Depths:2 | Enslaved Mara
 44462 | Depths:2 | Received a gift from Yredelemnul (a vampire)
 44470 | Depths:2 | Reached skill level 6 in Ice Magic
 44913 | Depths:3 | Reached skill level 13 in Spellcasting
 44949 | Depths:3 | Reached skill level 7 in Ice Magic
 44957 | Depths:3 | Found a gateway to a ziggurat.
 45225 | Depths:3 | Received a gift from Yredelemnul (a flayed ghost)
 45274 | Depths:3 | Reached XP level 21. HP: 140/166 MP: 30/38
 45281 | Depths:3 | Reached skill level 12 in Summonings
 45655 | Depths:3 | shpingle: ??stone wall
 45655 | Depths:3 | beem: stone wall[1/1]: Tougher than rock wall. Lee's Rapid Deconstruction, Corruption, and Shatter can destroy it; or just teleport around.
 45702 | Depths:3 | Reached skill level 8 in Ice Magic
 45740 | Depths:3 | Noticed an ancient lich
 45748 | Depths:3 | Killed an ancient lich
 45754 | Depths:3 | Got a crystal demon trident
 45759 | Depths:3 | Identified the +9 demon trident of the Crawling Thing {vamp, rN+ Int+3} (You found it on level 3 of the Depths)
 45762 | Depths:3 | Got a smoking hand axe
 45763 | Depths:3 | Identified the +11 hand axe "Giantslayer" {flame, rF++ MP+9} (You found it on level 3 of the Depths)
 46465 | D:11     | shpingle: ??fda
 46465 | D:11     | beem: fire dragon scales[1/1]: 8AC, 11ER, rF++ rC-. Sometimes dropped by a {fire dragon} when it dies.
 46465 | D:11     | shpingle: ??ida
 46465 | D:11     | beem: ice dragon scales[1/1]: 9AC, 11ER, rC++ rF-. Sometimes dropped by an {ice dragon} when it dies.
 47019 | D:11     | Learned a level 3 spell: Regeneration
 47026 | D:11     | Learned a level 5 spell: Metabolic Englaciation
 47032 | D:11     | Learned a level 5 spell: Silence
 47037 | D:11     | Learned a level 4 spell: Airstrike
 47232 | Depths:4 | Received a gift from Yredelemnul (a skeletal warrior)
 47243 | Depths:4 | Reached skill level 14 in Spellcasting
 47244 | Depths:4 | Paralysed by a great orb of eyes for 4 turns
 47332 | Depths:4 | Reached skill level 9 in Ice Magic
 47365 | Depths:4 | Reached skill level 3 in Necromancy
 47466 | Depths:4 | Received a gift from Yredelemnul (a phantasmal warrior)
 47502 | Depths:4 | Reached skill level 13 in Summonings
 47504 | Depths:4 | Paralysed by a vampire knight for 4 turns
 47544 | Depths:4 | Reached skill level 4 in Necromancy
 47613 | Depths:4 | Found a shadowy altar of Dithmenos.
 47619 | Depths:4 | Got fine shadow dragon scales
 47630 | Depths:4 | Identified the +6 shadow dragon scales of Tedoenuk {rElec Stlth++++} (You found it on level 4 of the Depths)
 47676 | Depths:4 | shpingle: ??demon whip
 47676 | Depths:4 | beem: demon whip[1/2]: (maces & flails; +1 acc / 11 dam / 1.1 base delay / 0.5 min delay). A terrible weapon, woven in the depths of the inferno. Can be {bless}ed into a {sacred scourge}.
 47676 | Depths:4 | shpingle: ??lajatang
 47676 | Depths:4 | beem: lajatang[1/2]: (staves; -3 acc / 16 dam / 1.4 base delay / 0.7 min delay; two handed). A very rare and extremely effective imported weapon, featuring a pole with half-moon blades at both ends. Lajatangs chop hydra heads.
 47676 | Depths:4 | shpingle: ??elec
 47676 | Depths:4 | beem: electrocution[1/1]: Weapon brand that causes your weapon to blast your target with an explosion of sparks on 1 out of every 3 hits, doing 7+1d13 additional damage (which ignores AC). Does not work on targets with rElec.
 47699 | Depths:4 | Gained mutation: Your flesh is cold resistant. (rC+) [mutagenic meat]
 47846 | Depths:4 | Reached skill level 5 in Necromancy
 47898 | Depths:4 | Received a gift from Yredelemnul (a ghoul)
 47904 | Depths:4 | Found a one-way gate to the infinite horrors of the Abyss.
 47966 | Depths:4 | Reached skill level 10 in Ice Magic
 48478 | Depths:5 | Entered Level 5 of the Depths
 48515 | Depths:5 | Received a gift from Yredelemnul (a ghoul)
 48544 | Depths:5 | Reached skill level 14 in Fighting
 48621 | Depths:5 | Noticed a golden dragon
 48624 | Depths:5 | Found a gate to the Realm of Zot.
 48633 | Depths:5 | Reached skill level 6 in Necromancy
 48637 | Depths:5 | Killed a golden dragon
 48685 | Depths:5 | Noticed a golden dragon
 48693 | Depths:5 | Killed a golden dragon
 48705 | Depths:5 | Reached skill level 14 in Summonings
 48855 | Depths:5 | Reached skill level 11 in Ice Magic
 48862 | Depths:5 | Reached skill level 7 in Necromancy
 48960 | Depths:5 | Found Kongaoqe's Distillery.
 48960 | Depths:5 | Found Qyssoam's Book Shoppe.
 49486 | Depths:5 | Bought a potion of agility for 88 gold pieces
 49486 | Depths:5 | Bought a potion of beneficial mutation for 770 gold pieces
 49486 | Depths:5 | Bought a potion of berserk rage for 110 gold pieces
 49486 | Depths:5 | Bought a potion of resistance for 220 gold pieces
 49486 | Depths:5 | Bought a potion of heal wounds for 110 gold pieces
 49694 | Depths:5 | Received a gift from Yredelemnul (a flayed ghost)
 49695 | Depths:5 | Reached XP level 22. HP: 123/177 MP: 40/40
 49702 | Depths:5 | Reached skill level 2 in Stealth
 49965 | Orc:1    | Bought a book of Burglary for 1275 gold pieces
 49972 | Orc:1    | Learned a level 6 spell: Darkness
 49975 | Orc:1    | Learned a level 2 spell: Swiftness
 49975 | Orc:1    | Bought a book of the Warp for 1530 gold pieces
 50417 | Depths:5 | Received a gift from Yredelemnul (a phantasmal warrior)
 50485 | Depths:5 | shpingle: ??order
 50485 | Depths:5 | beem: hyperelliptic[1/1]: Lair -> D:12 -> Orc -> D:15 -> S:3 -> maybe other S:3 -> get rune -> Vaults:4 -> maybe get second rune -> Depths:5 -> get three runes -> Zot
 50504 | Depths:5 | Reached skill level 3 in Stealth
 50828 | D:11     | Learned a level 3 spell: Portal Projectile
 50828 | D:11     | shpingle: @??oof
 50828 | D:11     | beem: unknown monster: "oof"
 50828 | D:11     | shpingle: @??orb of fire
 50828 | D:11     | beem: orb of fire (*)
                  | Spd:
    15 | HD: 30   | HP: 120-172
                  | AC/EV: 20/20
                  | non-living, see invisible, fly, unbreathing
                  | Res: magic(immune), fire+++, cold, elec+++, poison+++, rot+++, neg+++, torm, napalm
                  | Vul: silver
                  | XP: 8544
                  | Sp: b.fire (3d40) [!sil], fireball (3d43) [!sil], malmutate [!sil]
                  | Sz: little
                  | Int: human.
 50898 | Orc:1    | Bought a manual of Bows for 1876 gold pieces
 50972 | D:11     | Gained mutation: You have a pair of horns on your head. [potion of beneficial mutation]
 51113 | Slime:1  | Entered Level 1 of the Pits of Slime
 51135 | Slime:1  | Gained mutation: You tend to lose your temper in combat. [a shining eye]
 51137 | Slime:1  | Lost mutation: Your flesh is heat resistant. (rF+) [a shining eye]
 51142 | Slime:1  | Reached skill level 8 in Necromancy
 51179 | Slime:2  | Noticed Dissolution
 51190 | Slime:2  | Killed Dissolution
 51190 | Slime:2  | Reached skill level 2 in Bows
 51190 | Slime:2  | Reached skill level 3 in Throwing
 51190 | Slime:2  | Reached skill level 4 in Stealth
 51190 | Slime:2  | Reached skill level 1 in Translocations
 51193 | Slime:2  | Reached skill level 3 in Bows
 51193 | Slime:2  | Reached skill level 2 in Translocations
 51404 | Slime:3  | Received a gift from Yredelemnul (a profane servitor)
 51425 | Slime:2  | Reached skill level 3 in Translocations
 51449 | Slime:3  | Gained mutation: Your body sometimes deteriorates upon taking damage. [a shining eye]
 51566 | Slime:4  | Reached skill level 12 in Ice Magic
 51591 | Slime:4  | Reached skill level 4 in Bows
 51591 | Slime:4  | Reached skill level 5 in Stealth
 51727 | Slime:5  | Entered Level 5 of the Pits of Slime
 51736 | Slime:5  | Reached skill level 4 in Throwing
 51762 | Slime:5  | Gained mutation: Your magical capacity is low. (-10% MP) [a shining eye]
 51765 | Slime:5  | Gained mutation: You are occasionally teleported next to monsters. [a shining eye]
 51793 | Slime:5  | Reached skill level 9 in Necromancy
 51805 | Slime:5  | Reached skill level 5 in Bows
 51843 | Slime:5  | Noticed the Royal Jelly
 51864 | Slime:5  | Killed the Royal Jelly
 51864 | Slime:5  | Reached skill level 6 in Bows
 51864 | Slime:5  | Reached skill level 5 in Throwing
 51864 | Slime:5  | Reached skill level 6 in Stealth
 51864 | Slime:5  | Reached skill level 4 in Translocations
 51864 | Slime:5  | Received a gift from Yredelemnul (a vampire knight)
 51936 | Slime:5  | Got a slimy rune of Zot
 51946 | Slime:5  | Got a scorched glass ring
 51948 | Slime:5  | Identified the ring "Riahakej" {*Tele rC+ Slay+4} (You found it on level 5 of the Pits of Slime)
 51951 | Slime:5  | Got a pair of ancient gloves
 51962 | Slime:5  | Identified the cursed +0 pair of gloves of Vosa Vae {rElec rC++ Str+4} (You found it on level 5 of the Pits of Slime)
 52049 | Slime:5  | shpingle: ??singing sword
 52049 | Slime:5  | beem: singing sword[1/3]: Unbranded +7 double sword that makes noises. Makes more noise and becomes "screaming sword" at high tension, dealing "sonic" (irresistable) damage to every enemy in LOS.
 52049 | Slime:5  | shpingle: ??singing sword[2
 52049 | Slime:5  | beem: singing sword[2/3]: apparently there is a 0.000060672 chance of any one screaming sword scream being "LET'S FONDLE THE SPERM WHALES, FONDLE THEM!"
 52049 | Slime:5  | shpingle: ??singing sword[3
 52049 | Slime:5  | beem: singing sword[3/3]: https://www.youtube.com/watch?v=6u8wBfDtZkE
 52187 | Slime:5  | Reached skill level 5 in Translocations
 52189 | Slime:5  | Received a gift from Yredelemnul (a bone dragon)
 52425 | Slime:5  | Identified the +1 war axe "Dilafet" {protect, *Contam +Fly MR+ Int+3} (You found it on level 5 of the Pits of Slime)
 52436 | Slime:5  | Identified the +5 glaive "Joakk" {flame, Int+4} (You found it on level 5 of the Pits of Slime)
 52845 | D:11     | Gained mutation: Your flesh is heat resistant. (rF+) [potion of mutation]
 52846 | D:11     | Lost mutation: You have a pair of horns on your head. [potion of mutation]
 52850 | D:11     | Lost mutation: Your natural rate of healing is unusually fast. [potion of cure mutation]
 52850 | D:11     | Lost mutation: You have a pair of small horns on your head. [potion of cure mutation]
 52850 | D:11     | Lost mutation: You are occasionally teleported next to monsters. [potion of cure mutation]
 52850 | D:11     | Lost mutation: Your flesh is cold resistant. (rC+) [potion of cure mutation]
 52850 | D:11     | Lost mutation: Your body sometimes deteriorates upon taking damage. [potion of cure mutation]
 52851 | D:11     | Lost mutation: You tend to lose your temper in combat. [potion of mutation]
 52851 | D:11     | Gained mutation: You tend to lose your temper in combat. [potion of mutation]
 53059 | Vaults:3 | Gained mutation: Your system is resistant to poisons. (rPois) [potion of mutation]
 53375 | Depths:5 | Bought 2 potions of resistance for 440 gold pieces
 53848 | Zot:1    | Entered Level 1 of the Realm of Zot
 53911 | Zot:1    | Received a gift from Yredelemnul (a vampire)
 54003 | Zot:1    | Noticed a golden dragon
 54017 | Zot:1    | Killed a golden dragon
 54017 | Zot:1    | Reached skill level 7 in Bows
 54232 | Zot:1    | Reached skill level 6 in Throwing
 54247 | Zot:1    | Reached skill level 7 in Stealth
 54283 | Zot:1    | Noticed a golden dragon
 54292 | Zot:1    | Killed a golden dragon
 54374 | Zot:1    | Reached skill level 10 in Necromancy
 54374 | Zot:1    | Reached skill level 13 in Ice Magic
 54375 | Zot:1    | Received a gift from Yredelemnul (a vampire knight)
 54505 | Zot:1    | Reached skill level 8 in Bows
 54722 | Zot:1    | Reached skill level 6 in Translocations
 54953 | Zot:2    | Noticed a golden dragon
 54959 | Zot:2    | Received a gift from Yredelemnul (a phantasmal warrior)
 54962 | Zot:2    | Killed a golden dragon
 55052 | Zot:2    | Reached XP level 23. HP: 182/183 MP: 35/36
 55226 | Zot:2    | Elitist: RUN!
 55227 | Zot:2    | shpingle: hm, it seems to be going ok?
 55227 | Zot:2    | shpingle: you sure?
 55227 | Zot:2    | Elitist: It.
 55227 | Zot:2    | Elitist: Wow.
 55227 | Zot:2    | Elitist: You handled that well.
 55227 | Zot:2    | shpingle: I can run, I don't know this vault
 55227 | Zot:2    | Elitist: Running is overpowered.
 55227 | Zot:2    | shpingle: think I should?
 55227 | Zot:2    | shpingle: I was thinking haste, cure, then mix of drain life and whack things
 55227 | Zot:2    | shpingle: well drinking haste helps for both running and filghting, I'll start with that :)
 55228 | Zot:2    | Elitist: Yeah.
 55228 | Zot:2    | Elitist: You seem to have it under control.
 55228 | Zot:2    | Elitist: Scary vault.
 55228 | Zot:2    | Elitist: Lots of berserk.
 55234 | Zot:2    | Your ally Mara died
 55238 | Zot:2    | Received a gift from Yredelemnul (a flayed ghost)
 55238 | Zot:2    | Reached skill level 9 in Bows
 55251 | Zot:2    | Reached skill level 7 in Throwing
 55256 | Zot:2    | Reached skill level 8 in Stealth
 55266 | Zot:2    | Reached skill level 7 in Translocations
 55585 | Zot:2    | Reached skill level 11 in Necromancy
 55587 | Zot:2    | Reached skill level 10 in Bows
 55604 | Zot:2    | Reached skill level 14 in Ice Magic
 55607 | Zot:2    | Received a gift from Yredelemnul (a vampire)
 55811 | Zot:2    | shpingle: hm, just realized no trove
 55811 | Zot:2    | shpingle: is that normal?
 55932 | Zot:2    | Reached skill level 8 in Throwing
 55992 | Zot:2    | Elitist: No, idea.
 56303 | Zot:2    | Reached skill level 8 in Translocations
 56599 | Zot:3    | Reached skill level 9 in Stealth
 56600 | Zot:3    | Reached skill level 11 in Bows
 56604 | Zot:3    | Noticed a curse toe
 56614 | Zot:3    | Noticed a curse toe
 56626 | Zot:3    | Killed a curse toe
 56626 | Zot:3    | Reached skill level 9 in Throwing
 56642 | Zot:3    | Killed a curse toe
 56664 | Zot:3    | Received a gift from Yredelemnul (a ghoul)
 56677 | Zot:3    | shpingle: well I feel pretty good about that fight :D
 56677 | Zot:3    | shpingle: and, concordantly, my chances of winning
 56788 | Zot:3    | Reached skill level 9 in Translocations
 56796 | Zot:3    | Reached skill level 12 in Bows
 57072 | Zot:3    | Reached skill level 12 in Necromancy
 57465 | Zot:3    | Received a gift from Yredelemnul (a vampire knight)
 57673 | Zot:5    | Entered Level 5 of the Realm of Zot
 57675 | Zot:5    | Elitist: Wow.
 57692 | Zot:4    | Reached skill level 10 in Stealth
 58758 | Elf:1    | Entered Level 1 of the Elven Halls
 58882 | Elf:1    | Reached skill level 10 in Throwing
 58884 | Elf:1    | Reached skill level 13 in Bows
 58884 | Elf:1    | Reached XP level 24. HP: 175/190 MP: 36/36
 58933 | Elf:1    | Identified the Guide on Slavery
 59322 | Elf:1    | Reached skill level 10 in Translocations
 59359 | Elf:1    | Noticed Agnes
 59374 | Elf:1    | Killed Agnes
 59417 | Elf:1    | Gained mutation: You are weak. (Str -2) [mutagenic meat]
 59638 | Elf:1    | Received a gift from Yredelemnul (a phantasmal warrior)
 59667 | Elf:1    | Found a portal to a secret trove of treasure.
 61370 | Elf:2    | Reached skill level 11 in Stealth
 61396 | Elf:2    | Found a runed gate.
 61396 | Elf:2    | Found a runed gate.
 61397 | Elf:2    | Found a runed gate.
 61468 | Elf:2    | Lost mutation: You are weak. (Str -2) [potion of cure mutation]
 61468 | Elf:2    | Lost mutation: You tend to lose your temper in combat. [potion of cure mutation]
 61468 | Elf:2    | Lost mutation: Your magical capacity is low. (-10% MP) [potion of cure mutation]
 61468 | Elf:2    | Lost mutation: You are partially covered in rugged brown scales. (AC +1, +3% HP) [potion of cure mutation]
 61468 | Elf:2    | Lost mutation: You have sharp fingernails. [potion of cure mutation]
 61468 | Elf:2    | Lost mutation: Your system is resistant to poisons. (rPois) [potion of cure mutation]
 61468 | Elf:2    | Lost mutation: You are mostly covered in yellow scales. (AC +3) [potion of cure mutation]
 61639 | Elf:3    | Entered Level 3 of the Elven Halls
 61922 | Elf:2    | Reached skill level 11 in Throwing
 61924 | Elf:2    | Reached skill level 13 in Necromancy
 62350 | Elf:3    | Found Qouruk's Gadget Boutique.
 62351 | Elf:3    | Found Ixuimm's Jewellery Shoppe.
 62352 | Elf:3    | Found Cylikuog's Gadget Boutique.
 62407 | Elf:3    | Bought a sack of spiders for 280 gold pieces
 62407 | Elf:3    | Bought a box of beasts for 280 gold pieces
 62593 | Elf:3    | Reached skill level 11 in Translocations
 62970 | Elf:3    | Received a gift from Yredelemnul (a ghoul)
 62999 | Elf:3    | Reached skill level 12 in Stealth
 63049 | Elf:3    | Reached skill level 12 in Throwing
 63319 | Elf:3    | Received a gift from Yredelemnul (a phantasmal warrior)
 63363 | Elf:3    | Reached skill level 14 in Necromancy
 63377 | Elf:3    | Identified the Collected Works on Harmful Dislocation
 63380 | Elf:3    | Learned a level 1 spell: Apportation
 63416 | Elf:3    | Identified the +9 trident of Drought {elec, MR+ Int+7} (You found it on level 3 of the Elven Halls)
 63420 | Elf:3    | Identified the Handbook of the Glacier
 63428 | Elf:3    | Identified the +4 broad axe "Qymun" {venom, rN+ SInv} (You found it on level 3 of the Elven Halls)
 64284 | Elf:1    | Learned a level 6 spell: Shadow Creatures
 65185 | Zot:5    | shpingle: ??magic regeneration
 65185 | Zot:5    | beem: amulet of magic regeneration[1/1]: Increases mp regen by as much as adding 40 max mp would, ie 1 extra mp every 5 turns. Has a warm-up time so you can't swap to it in a pinch.
 65185 | Zot:5    | shpingle: !lg elitist
 65185 | Zot:5    | beem: 439. Elitist the Covert (L11 KoHu of Dithmenos), mangled by a death yak (kmap: dpeg_lair_monsters) on D:8 on 2017-02-02 09:17:47, with 7693 points after 10166 turns and 0:35:34.
 65185 | Zot:5    | shpingle: !lg elitist won
 65185 | Zot:5    | beem: 8. Elitist the Middleweight Champion (L27 GrWn of Elyvilon), escaped with the Orb and 3 runes on 2017-01-26 12:30:34, with 1729038 points after 69226 turns and 3:36:00.
 65571 | Zot:5    | Reached skill level 12 in Translocations
 65581 | Zot:5    | Reached skill level 13 in Stealth
 65587 | Zot:5    | Received a gift from Yredelemnul (a vampire)
 65663 | Zot:5    | Noticed an ancient lich
 65671 | Zot:5    | Killed an ancient lich
 65700 | Zot:5    | Noticed an ancient lich
 65719 | Zot:5    | Reached XP level 25. HP: 179/191 MP: 18/41
 65728 | Zot:5    | Killed an ancient lich
 65728 | Zot:5    | Reached skill level 13 in Throwing
 65730 | Zot:5    | Reached skill level 14 in Stealth
 65826 | Zot:5    | Noticed an orb of fire
 65832 | Zot:5    | Gained mutation: You expend magic power (3 MP) to strengthen your wands. [an orb of fire]
 65842 | Zot:5    | Killed an orb of fire
 65843 | Zot:5    | Noticed an orb of fire
 65860 | Zot:5    | Killed an orb of fire
 65860 | Zot:5    | Reached skill level 13 in Translocations
 65882 | Zot:5    | shpingle: ??shadow creatures
 65882 | Zot:5    | beem: shadow creatures[1/1]: L6 summoning (L5 in 0.17-) summoning, Book of Summonings and Dreams. When you cast it, summons one always-friendly level appropriate monster (some will come with an appropriate pack). When monsters cast it, summons up to 8. Good to use in places where normal monsters are nasty, like Zot.
 65887 | Zot:5    | Reached skill level 14 in Throwing
 65902 | Zot:5    | Noticed an orb of fire
 65935 | Zot:5    | Reached skill level 14 in Translocations
 65936 | Zot:5    | Killed an orb of fire
 65936 | Zot:5    | Reached skill level 4 in Unarmed Combat
 65940 | Zot:5    | Reached skill level 5 in Unarmed Combat
 65959 | Zot:5    | Reached skill level 6 in Unarmed Combat
 65965 | Zot:5    | Reached skill level 7 in Unarmed Combat
 65965 | Zot:5    | Received a gift from Yredelemnul (a vampire knight)
 65982 | Zot:5    | Noticed an orb of fire
 65993 | Zot:5    | Gained mutation: Scrolls take you a little longer to read. [an orb of fire]
 65996 | Zot:5    | Killed an orb of fire
 65996 | Zot:5    | Reached skill level 8 in Unarmed Combat
 66002 | Zot:5    | Noticed an ancient lich
 66017 | Zot:5    | Killed an ancient lich
 66017 | Zot:5    | Reached skill level 9 in Unarmed Combat
 66019 | Zot:5    | Got the Orb of Zot
 66110 | Zot:4    | Lost mutation: You expend magic power (3 MP) to strengthen your wands. [potion of cure mutation]
 66110 | Zot:4    | Lost mutation: Your flesh is heat resistant. (rF+) [potion of cure mutation]
 66110 | Zot:4    | Lost mutation: Scrolls take you a little longer to read. [potion of cure mutation]
 66110 | Zot:4    | Lost mutation: You are partially covered in yellow scales. (AC +2) [potion of cure mutation]
 66143 | Zot:4    | Reached skill level 10 in Unarmed Combat
 66375 | Depths:4 | Noticed a seraph
 66465 | Depths:2 | Noticed Akhlaux the pandemonium lord
 66631 | D:9      | Noticed Urem the pandemonium lord
 66706 | D:8      | Reached skill level 11 in Unarmed Combat
 66713 | D:8      | Noticed Wiules the pandemonium lord
 66728 | D:8      | HP: 44/191 [Orb Guardian (5)]
 66733 | D:8      | HP: 45/191 [blizzard demon/the air (8)]
 66757 | D:7      | Gained mutation: You tend to lose your temper in combat. [a cacodemon]
 66763 | D:7      | Gained mutation: Your body sometimes deteriorates upon taking damage. [a cacodemon]
 66924 | D:$      | Escaped with the Orb!

Action                   |  1- 3 |  4- 6 |  7- 9 | 10-12 | 13-15 | 16-18 | 19-21 | 22-24 | 25-27 || total
-------------------------+-------+-------+-------+-------+-------+-------+-------+-------+-------++-------
Melee: Short sword       |   158 |   226 |   146 |   182 |       |       |       |       |       ||   712
       Club              |    10 |       |       |       |       |       |       |       |       ||    10
       Hand axe          |    41 |       |       |       |       |       |       |       |       ||    41
       Dagger            |       |    29 |   469 |   370 |       |       |       |       |       ||   868
       Lajatang          |       |       |       |   442 |  1634 |  1208 |  1333 |  1448 |   261 ||  6326
       Headbutt          |       |       |       |       |       |       |   145 |    96 |       ||   241
       Unarmed           |       |       |       |       |       |       |     8 |       |       ||     8
       Staff             |       |       |       |       |       |       |       |     4 |       ||     4
 Fire: Blowgun           |       |       |       |       |       |       |       |       |     3 ||     3
Throw: Stone             |    16 |    37 |   109 |    11 |       |       |       |       |       ||   173
       Tomahawk          |       |     3 |    25 |    10 |    14 |       |       |       |       ||    52
       Javelin           |       |       |       |       |       |       |     3 |    34 |       ||    37
       Throwing net      |       |       |       |       |       |       |       |       |     1 ||     1
 Cast: Summon Small Mamm |       |       |       |     9 |     9 |       |       |       |       ||    18
       Call Canine Famil |       |       |       |    12 |    33 |     2 |     1 |       |       ||    48
       Infusion          |       |       |       |     7 |    37 |    15 |       |       |       ||    59
       Song of Slaying   |       |       |       |     5 |    17 |    10 |       |       |       ||    32
       Spectral Weapon   |       |       |       |       |     2 |    16 |    11 |    36 |    10 ||    75
       Summon Guardian G |       |       |       |       |       |     2 |       |       |       ||     2
       Summon Lightning  |       |       |       |       |       |       |    10 |       |       ||    10
       Ozocubu's Armour  |       |       |       |       |       |       |     1 |       |       ||     1
       Summon Ice Beast  |       |       |       |       |       |       |     1 |       |       ||     1
       Airstrike         |       |       |       |       |       |       |     3 |    14 |       ||    17
       Silence           |       |       |       |       |       |       |     1 |     5 |       ||     6
       Deflect Missiles  |       |       |       |       |       |       |     1 |     7 |       ||     8
       Darkness          |       |       |       |       |       |       |       |    23 |     4 ||    27
       Regeneration      |       |       |       |       |       |       |       |     6 |    12 ||    18
       Metabolic Englaci |       |       |       |       |       |       |       |     3 |       ||     3
       Portal Projectile |       |       |       |       |       |       |       |     5 |       ||     5
       Shadow Creatures  |       |       |       |       |       |       |       |     3 |     6 ||     9
       Swiftness         |       |       |       |       |       |       |       |       |     1 ||     1
       Apportation       |       |       |       |       |       |       |       |       |     1 ||     1
Invok: Animate Dead      |       |       |     4 |    38 |    97 |    94 |    76 |    40 |     3 ||   352
       Injury Mirror     |       |       |       |     5 |       |       |     1 |       |       ||     6
       Recall Undead Sla |       |       |       |     7 |     8 |    26 |    43 |    14 |     3 ||   101
       Animate Remains   |       |       |       |    11 |       |       |       |       |       ||    11
       Drain Life        |       |       |       |       |    16 |    25 |    28 |    18 |     4 ||    91
       Enslave Soul      |       |       |       |       |     1 |     2 |     6 |       |       ||     9
 Abil: Evoke Berserk Rag |       |       |       |     1 |       |     2 |       |       |       ||     3
       Evoke Invisibilit |       |       |       |       |       |       |     2 |     9 |       ||    11
       Evoke Flight      |       |       |       |       |       |       |     1 |       |       ||     1
       Turn Visible      |       |       |       |       |       |       |       |     3 |       ||     3
Evoke: Wand              |       |       |     4 |     9 |     4 |    11 |     2 |    26 |     5 ||    61
       Phial of floods   |       |       |       |       |     3 |       |       |     2 |     1 ||     6
       Lamp of fire      |       |       |       |       |     2 |     1 |       |     4 |       ||     7
       Phantom mirror    |       |       |       |       |     1 |       |       |     2 |     1 ||     4
       Sack of spiders   |       |       |       |       |       |     1 |       |       |     1 ||     2
       Lightning rod     |       |       |       |       |       |       |       |     8 |       ||     8
       Fan of gales      |       |       |       |       |       |       |       |       |     1 ||     1
       Box of beasts     |       |       |       |       |       |       |       |       |     1 ||     1
  Use: Potion            |       |     8 |     2 |     7 |     5 |    11 |     5 |    15 |    22 ||    75
       Scroll            |       |     8 |     6 |    12 |    25 |    13 |    20 |    32 |    13 ||   129
 Stab: Paralysed         |       |       |     3 |       |     1 |       |       |     2 |     2 ||     8
       Distracted        |       |       |       |    13 |    16 |    20 |    35 |    16 |     6 ||   106
       Invisible         |       |       |       |       |       |       |     5 |    36 |       ||    41
       Sleeping          |       |       |       |       |       |       |     4 |    32 |       ||    36
  Eat: Chunk             |     3 |     6 |    18 |    22 |    49 |    37 |    64 |    42 |       ||   241
       Meat ration       |       |       |     2 |     3 |     2 |     1 |     2 |     1 |     1 ||    12
       Royal jelly       |       |       |     1 |       |       |     1 |     1 |       |       ||     3
       Pizza             |       |       |       |     1 |     2 |     2 |       |       |       ||     5
       Bread ration      |       |       |       |       |     2 |     7 |     1 |    10 |     1 ||    21
       Beef jerky        |       |       |       |       |     2 |     1 |     1 |       |       ||     4
       Fruit             |       |       |       |       |     4 |     4 |     8 |       |       ||    16
Armor: Scale mail        |   109 |   137 |   202 |   368 |    40 |       |       |       |       ||   856
       Skin              |       |     3 |       |       |       |     1 |       |       |       ||     4
       Ice dragon scales |       |       |       |       |   472 |   436 |   476 |       |       ||  1384
       Fire dragon scale |       |       |       |       |       |    45 |       |       |       ||    45
       Shadow dragon sca |       |       |       |       |       |       |   105 |   421 |   117 ||   643
       Acid dragon scale |       |       |       |       |       |       |       |    53 |       ||    53
       Gold dragon scale |       |       |       |       |       |       |       |   111 |       ||   111
       Robe              |       |       |       |       |       |       |       |    10 |       ||    10
Dodge: Dodged            |    99 |   105 |   169 |   525 |   830 |   721 |   693 |   539 |   139 ||  3820
       Deflected         |       |       |       |       |       |       |    29 |    68 |    17 ||   114
